 Dungeon Crawl Stone Soup version 0.26.0-10-g1f06aea511 (webtiles) character file.

Game seed: 14101691065816241849

1188430 Arthanis the Archmage (level 27, -2/188 HPs)
             Began as a Deep Elf Fire Elementalist on Jan 17, 2021.
             Was the Champion of Vehumet.
             Killed by divine providence
             ... invoked by a royal mummy
              (12 damage)
             ... on level 25 of a ziggurat.
             The game lasted 04:43:07 (60643 turns).

Arthanis the Archmage (Deep Elf Fire Elementalist) Turns: 60643, Time: 04:43:08

Health: -2/188     AC: 14    Str: 12    XL:     27
Magic:  83/83      EV: 31    Int: 48    God:    Vehumet [******]
Gold:   11864      SH: 15    Dex: 15    Spells: 7/80 levels left

rFire    + + +     SeeInvis +   u - +7 trident of Dawn {vorpal, rPois rF+++ Int+4 Stlth+}
rCold    + + +     Faith    .   G - +2 shield of Resistance {rF++ rC++ Will++}
rNeg     + + +     Spirit   .   A - +2 robe of Vines {NoPotionHeal Regen+7}
rPois    ∞         Reflect  .   F - -2 hat of the Alchemist {rElec rPois rF+ rC+ rN+ Will+ rMut rCorr}
rElec    +         Harm     .   q - scarf {repulsion}
rCorr    +         Rampage  .   Q - +2 pair of gloves {Str+3}
rMut     +                      s - +0 pair of boots of Hopscotch {*Corrode rElec Will+ MP+9}
Will     +++++                  L - amulet of Ebloiliu {RegenMP +Blink Str+4}
Stlth    ++++++++..             g - ring of Sin {rN+ MP+9 Int+6}
HPRegen  3.21/turn              a - ring of Cowardice {rN+ MP+9 Int+4 Stlth+}
MPRegen  0.73/turn

@: lich-form, slowed, repel missiles, very slow
A: see invisible
}: 4/15 runes: decaying, slimy, silver, gossamer
a: End Transformation, Renounce Religion, Evoke Blink


You were on level 25 of a ziggurat.
You worshipped Vehumet.
Vehumet was exalted by your worship.
You were a lich.
You visited 11 branches of the dungeon, and saw 53 of its levels.
You visited the Abyss 1 time.
You visited 1 bazaar.
You visited 3 ziggurats (completing 2), and saw 79 of their levels.
You also visited: Bailey, Volcano, Wizlab and Desolation.

You collected 15269 gold pieces.
You spent 3405 gold pieces at shops.

Inventory:

Hand Weapons
 p - the +7 Singing Sword {vorpal, sonic wave}
   (You found it on level 12 of a ziggurat)

   It inflicts extra damage upon your enemies.
 u - the +7 trident of Dawn (weapon) {vorpal, rPois rF+++ Int+4 Stlth+}
   (You found it on level 1 of the Spider Nest)

   It inflicts extra damage upon your enemies.
   It affects your intelligence (+4).
   It renders you almost immune to fire.
   It protects you from poison.
   It makes you more stealthy.
 I - the +7 Spriggan's Knife {stab, EV+4 Stlth+}
   (You found it on level 23 of a ziggurat)

   It affects your evasion (+4).
   It makes you more stealthy.
Armour
 k - the +1 pair of boots of Satisfaction {Int+3}
   (You found it on level 2 of the Crypt)

   It affects your intelligence (+3).
 q - a scarf of repulsion (worn)
 s - the +0 pair of boots of Hopscotch (worn) {*Corrode rElec Will+ MP+9}
   (You found it on level 4 of a ziggurat)

   It insulates you from electricity.
   It affects your willpower, your defense against some magical effects.
   It affects your magic capacity (+9).
   It may corrode you when you take damage.
 A - the +2 robe of Vines (worn) {NoPotionHeal Regen+7}
   (You found it on level 9 of a ziggurat)

   It increases your rate of regeneration.
 F - the -2 hat of the Alchemist (worn) {rElec rPois rF+ rC+ rN+ Will+ rMut rCorr}
   (You found it on level 17 of a ziggurat)

   It protects you from fire.
   It protects you from cold.
   It insulates you from electricity.
   It protects you from poison.
   It protects you from negative energy.
   It affects your willpower, your defense against some magical effects.
   It provides partial protection from all sources of acid and corrosion.
   It protects you from mutation.
 G - the +2 shield of Resistance (worn) {rF++ rC++ Will++}
   (You found it on level 27 of a ziggurat)

   It greatly protects you from fire.
   It greatly protects you from cold.
   It affects your willpower, your defense against some magical effects.
 M - a +2 robe of the Archmagi
 Q - a +2 pair of gloves of strength (worn)
Magical Staves
 S - an uncursed staff of fire
Jewellery
 a - the ring of Cowardice (right hand) {rN+ MP+9 Int+4 Stlth+}
   (You found it on level 18 of a ziggurat)

   [ring of magical power]

   It affects your intelligence (+4).
   It protects you from negative energy.
   It affects your magic capacity (+9).
   It makes you more stealthy.
 d - the amulet of the Four Winds {rN+ Will+++ Clar}
   (You found it on level 17 of a ziggurat)

   [amulet of nothing]

   It protects you from negative energy.
   It affects your willpower, your defense against some magical effects.
   It protects you against confusion.
 g - the ring of Sin (left hand) {rN+ MP+9 Int+6}
   (You found it on level 24 of a ziggurat)

   [ring of intelligence]

   It affects your intelligence (+6).
   It protects you from negative energy.
   It affects your magic capacity (+9).
 K - the ring of Axotatt {rN+ Will++ MP+9}
   (You found it in the Desolation of Salt)

   [ring of magical power]

   It protects you from negative energy.
   It affects your willpower, your defense against some magical effects.
   It affects your magic capacity (+9).
 L - the amulet of Ebloiliu (around neck) {RegenMP +Blink Str+4}
   (You found it on level 18 of a ziggurat)

   [amulet of magic regeneration]

   It increases your magic regeneration.
   It affects your strength (+4).
   It lets you blink.
 N - the amulet of Panentheism {Acrobat rF+ rC+ Dex+4}
   (You found it on level 16 of a ziggurat)

   [amulet of the acrobat]

   It helps you evade while moving and waiting.
   It affects your dexterity (+4).
   It protects you from fire.
   It protects you from cold.
 U - the ring "Ocut Mub" {Wiz rElec rF+ Will+}
   (You bought it in a shop in a bazaar)

   [ring of wizardry]

   It improves your spell success rate.
   It protects you from fire.
   It insulates you from electricity.
   It affects your willpower, your defense against some magical effects.
 Y - the ring "Qusoalaj" {MP+9 SInv}
   (You found it on level 21 of a ziggurat)

   [ring of magical power]

   It affects your magic capacity (+9).
   It lets you see invisible.
Wands
 y - a wand of digging (23)
 T - a wand of acid (46)
 W - a wand of disintegration (73)
 X - a wand of iceblast (62)
Scrolls
 i - 5 scrolls of amnesia
 j - 6 scrolls of fear
 l - 21 scrolls of blinking
 n - 19 scrolls of holy word
 t - 71 scrolls of teleportation
 z - 64 scrolls of remove curse
 B - 6 scrolls of silence
 C - 2 scrolls of summoning
 D - 12 scrolls of magic mapping
 E - 13 scrolls of immolation
 P - 43 scrolls of fog
Potions
 b - 2 potions of resistance
 c - 25 potions of heal wounds
 e - 5 potions of invisibility
 f - 48 potions of mutation
 h - 8 potions of lignification
 o - 11 potions of flight
 r - 30 potions of curing
 v - 10 potions of magic
 w - 11 potions of ambrosia
 x - 13 potions of brilliance
 J - 14 potions of haste
 O - 8 potions of might
 V - 4 potions of cancellation
Miscellaneous
 m - a tin of tremorstones (2/2)
 H - a box of beasts


   Skills:
 - Level 23.1 Fighting
 - Level 15.2 Armour
 + Level 26.2 Dodging
 - Level 15.0 Stealth
 - Level 15.9 Shields
 O Level 27 Spellcasting
 O Level 27 Conjurations
 - Level 22.0 Necromancy
 - Level 10.0 Transmutations
 O Level 27 Fire Magic
 - Level 25.1 Ice Magic
 O Level 27 Air Magic
 O Level 27 Earth Magic
 O Level 27 Evocations


You had 7 spell levels left.
You knew the following spells:

 Your Spells              Type           Power        Failure   Level
a - Foxfire               Conj/Fire      100%         0%          1
b - Fire Storm            Conj/Fire      72%          1%          9
c - Tornado               Air            72%          1%          9
d - Necromutation         Tmut/Necr      72%          1%          8
e - Absolute Zero         Ice            70%          1%          9
f - Ignition              Fire           72%          0%          8
g - Shatter               Erth           72%          1%          9
h - Blink                 Tloc           N/A          1%          2
i - Death's Door          Necr           80%          2%          9
l - Sublimation of Blood  Necr           80%          0%          2
n - Orb of Destruction    Conj           72%          0%          7

Your spell library contained the following spells:

 Spells                   Type           Power        Failure   Level
 Animate Skeleton         Necr           100%         0%          1
 Beastly Appendage        Tmut           100%         0%          1
 Freeze                   Ice            100%         0%          1
 Magic Dart               Conj           100%         0%          1
 Pain                     Necr           100%         0%          1
 Sandblast                Erth           100%         0%          1
 Shock                    Conj/Air       100%         0%          1
 Corpse Rot               Necr/Air       N/A          0%          2
 Ensorcelled Hibernation  Hex/Ice        100%         0%          2
 Passwall                 Tmut/Erth      100%         0%          2
 Poisonous Vapours        Pois/Air       100%         0%          2
 Searing Ray              Conj           100%         0%          2
 Swiftness                Air            100%         0%          2
 Wereblood                Tmut           100%         0%          2
 Conjure Flame            Conj/Fire      100%         0%          3
 Dazzling Flash           Conj/Hex       100%         0%          3
 Frozen Ramparts          Ice            100%         0%          3
 Ignite Poison            Fire/Tmut/Pois 100%         0%          3
 Inner Flame              Hex/Fire       100%         0%          3
 Mephitic Cloud           Conj/Pois/Air  100%         0%          3
 Ozocubu's Armour         Ice            100%         0%          3
 Static Discharge         Conj/Air       100%         0%          3
 Stone Arrow              Conj/Erth      100%         0%          3
 Vampiric Draining        Necr           80%          0%          3
 Airstrike                Air            72%          0%          4
 Animate Dead             Necr           80%          0%          4
 Dispel Undead            Necr           100%         0%          4
 Fulminant Prism          Conj/Hex       57%          0%          4
 Hailstorm                Conj/Ice       100%         0%          4
 Ice Form                 Ice/Tmut       100%         0%          4
 Iskenderun's Mystic Bla  Conj/Tloc      100%         0%          4
 Leda's Liquefaction      Hex/Erth       57%          0%          4
 Petrify                  Tmut/Erth      100%         0%          4
 Sticky Flame             Conj/Fire      100%         0%          4
 Summon Ice Beast         Ice/Summ       100%         0%          4
 Summon Lightning Spire   Summ/Air       100%         0%          4
 Agony                    Necr           100%         0%          5
 Bolt of Magma            Conj/Fire/Erth 72%          0%          5
 Borgnjor's Vile Clutch   Necr/Erth      83%          0%          5
 Excruciating Wounds      Necr           80%          0%          5
 Fireball                 Conj/Fire      72%          0%          5
 Irradiate                Conj/Tmut      63%          0%          5
 Iskenderun's Battlesphe  Conj           100%         0%          5
 Lee's Rapid Deconstruct  Erth           72%          0%          5
 Lightning Bolt           Conj/Air       72%          0%          5
 Conjure Ball Lightning   Conj/Air       72%          0%          6
 Death Channel            Necr           80%          0%          6
 Freezing Cloud           Conj/Ice/Air   71%          0%          6
 Iron Shot                Conj/Erth      72%          0%          6
 Ozocubu's Refrigeration  Ice            70%          0%          6
 Simulacrum               Ice/Necr       82%          0%          6
 Starburst                Conj/Fire      72%          0%          6
 Statue Form              Tmut/Erth      84%          0%          6
 Apportation              Tloc           100%         1%          1
 Corona                   Hex            65%          1%          1
 Sting                    Tmut/Pois      100%         1%          1
 Summon Small Mammal      Summ           100%         1%          1
 Call Imp                 Summ           59%          1%          2
 Slow                     Hex            59%          1%          2
 Call Canine Familiar     Summ           59%          1%          3
 Confusing Touch          Hex            59%          1%          3
 Gell's Gravitas          Tloc           29%          1%          3
 Lesser Beckoning         Tloc           29%          1%          3
 Portal Projectile        Hex/Tloc       100%         1%          3
 Spider Form              Tmut/Pois      42%          1%          3
 Summon Guardian Golem    Hex/Summ       59%          1%          3
 Teleport Other           Tloc           59%          1%          3
 Tukima's Dance           Hex            59%          1%          3
 Cause Fear               Hex            29%          1%          4
 Olgreb's Toxic Radiance  Pois           59%          1%          4
 Passage of Golubria      Tloc           N/A          1%          4
 Alistair's Intoxication  Tmut/Pois      56%          1%          5
 Blade Hands              Tmut           51%          1%          5
 Metabolic Englaciation   Hex/Ice        55%          1%          5
 Silence                  Hex/Air        57%          1%          5
 Yara's Violent Unravell  Hex/Tmut       42%          1%          5
 Eringya's Noxious Bog    Tmut/Pois      42%          1%          6
 Hydra Form               Tmut           51%          1%          6
 Haunt                    Necr/Summ      65%          1%          7
 Spellforged Servitor     Conj/Summ      57%          1%          7
 Dragon Form              Tmut           51%          2%          7
 Summon Demon             Summ           29%          4%          5
 Summon Forest            Summ/Tloc      29%          4%          5
 Summon Mana Viper        Hex/Summ       59%          4%          5
 Dispersal                Tloc           29%          26%         6
 Invisibility             Hex            59%          26%         6
 Shadow Creatures         Summ           N/A          26%         6
 Malign Gateway           Summ/Tloc      29%          83%         7
 Monstrous Menagerie      Summ           29%          83%         7
 Summon Greater Demon     Summ           29%          83%         7
 Summon Hydra             Summ           29%          83%         7
 Chain Lightning          Conj/Air       72%          0%          8
 Lehudib's Crystal Spear  Conj/Erth      72%          0%          8
 Borgnjor's Revivificati  Necr           80%          1%          8
 Infestation              Necr           80%          1%          8
 Discord                  Hex            29%          100%        8
 Disjunction              Tloc           29%          100%        8
 Summon Horrible Things   Summ           29%          100%        8
 Dragon's Call            Summ           29%          100%        9


Dungeon Overview and Level Annotations

Branches:
Dungeon (15/15)            Temple (1/1) D:7            Lair (6/6) D:8
  Swamp (4/4) Lair:3       Spider (4/4) Lair:2        Slime (5/5) Lair:6
    Orc (2/2) D:11            Elf (3/3) Orc:2        Vaults (5/5) D:14
  Crypt (3/3) Vaults:3       Tomb (0/3) Crypt:3      Depths (5/5) D:15
    Zot (0/5) Depths:5     Bailey (visited)         Volcano (visited)
 WizLab (visited)         Desolation (visited)

Altars:
Ashenzari
Cheibriados
Dithmenos
Elyvilon
Fedhas
Gozag
Hepliaklqana
Kikubaaqudgha
Makhleb
Nemelex Xobeh
Okawaru
Qazlal
Ru
Sif Muna
Trog
Uskayaw
Vehumet
Wu Jian
Xom
Yredelemnul
Zin
The Shining One
Jiyva

Shops:
D:4 :   D:7 *[   D:8 :   D:13 [}((   Orc:2 *[=(   Elf:2 [   Depths:1 [
Depths:4 (

Portals:
Hell: Depths:1 Depths:2 Depths:3 Depths:4
Abyss: Depths:4
Pandemonium: Depths:3 Depths:4

Annotations:
D:10 4 runed translucent doors, Tallon's ghost, novice DsFi; Yakesh's ghost, journeyman MiFi; dohliylev's ghost, journeyman MiBe
Lair:1 exclusion: 2 oklob plants
Elf:2 , 2 transporters, Qiokh's ghost, veteran MiBe
Elf:3 3 runed translucent doors, agentgt's ghost, adept HuVM
Vaults:1 3 runed translucent doors, Nornya's ghost, veteran MfSu
Depths:1 3 runed translucent doors, Seileci's ghost, adept TrMo


Innate Abilities, Weirdness & Mutations

You have supernaturally acute eyesight. (SInv)


Message History

Casting: Ignition (safe; 0% risk of failure)
Confirm with . or Enter, or press ? or * to list all spells.
Okay, then.
Blink to where?
Press: ? - help, Dir - move target
As you read the scroll of blinking, it crumbles to dust. 17 mummies, a flying skull, a skeleton and 2 ushabtiu come into view.
The flying skull gives a hideous shriek!
A death scarab comes into view.
The royal mummy gestures at you while chanting.
Something smites you!
* * * LOW HITPOINT WARNING * * *
The guardian mummy completely misses you.
The royal mummy mumbles some strange words. x2
The royal mummy gestures at you while chanting.
Something smites you!
* * * LOW HITPOINT WARNING * * *
The royal mummy gestures at you while chanting.
Something smites you!
You die... ...▓ ...§ ..B.▓ .... .M88.▓ .... zMM..?▓ ....
MMZ.M}(▓▓ ...M sMMMMM$!▓▓

..........sMMM}M$M▓▓
...M.......s..zML)∩▓
...M......bM.ssZ[|>}▓
...§..M...MMs.)=))∩▓▓
.§§§.....§.b.M}}$M▓▓
..§..§.§.4....??=▓▓
.§s....§....s.s(▓▓
s.s.V.b..M....[▓
s.....s§.bM...▓
...§§M.......▓▓


You could see 8 royal mummies, 8 emperor scorpions, 3 bennus, 5 mummy priests,
an orange demon (summoned), 6 guardian mummies, 2 ushabtiu, a death scarab, 2
flying skulls, 5 mummies, a juggernaut zombie and a deep elf annihilator
skeleton.

Vanquished Creatures
  the Royal Jelly (Slime:5)
  27 ancient liches
  Mara (Vaults:4)
  Mennas (Vaults:3)
  19 juggernauts
  40 royal mummies
  Sojobo (Crypt:1)
  Bai Suzhen (Spider:4)
  Boris (Vaults:5)
  9 Killer Klowns
  Xtahua (Vaults:4)
  11 caustic shrikes
  46 golden dragons
  Jory (Vaults:4)
  4 profane servitors
  5 pearl dragons
  8 bone dragons
  Arachne (Spider:4)
  3 doom hounds (Zig:11)
  7 Brimstone Fiends
  7 Tzitzimimeh
  3 hellephants (Zig:25)
  5 iron giants (Zig:26)
  32 tentacled monstrosities
  6 Ice Fiends
  Rupert (D:15)
  Asterion (Vaults:2)
  11 liches
  10 Hell Sentinels
  26 deep elf master archers
  13 titans
  16 quicksilver dragons
  17 deep elf blademasters
  12 Executioners
  46 acid blobs
  A tentacled starspawn (Zig:2)
  9 ancient champions
  17 pandemonium lords
  12 sphinxes
  2 sphinxes (shapeshifter) (Zig:8)
  12 tengu reavers
  3 thorn hunters
  14 draconian monks
  18 storm dragons
  10 shadow dragons
  Donald (Vaults:2)
  A fenstrider witch (shapeshifter) (Zig:15)
  Kirke (Swamp:4)
  10 revenants
  2 fenstrider witches
  76 nagarajas
  18 azure jellies
  6 fire giants
  6 daevas
  12 frost giants
  16 draconian shifters
  18 vault wardens
  10 deep elf sorcerers
  34 emperor scorpions
  14 iron dragons (Zig:26)
  30 ghost moths
  4 warmongers
  22 draconian scorchers
  Aizul (Elf:1)
  Louise (Spider:1)
  15 draconian knights
  4 juggernaut zombies
  14 corrupters
  A ghost moth (shapeshifter) (Zig:19)
  75 orc warlords
  11 curse skulls
  12 deep elf elementalists
  8 balrugs
  16 cacodemons
  2 juggernaut skeletons
  3 angels
  5 ghouls
  4 caustic shrike skeletons
  12 reapers
  15 ironheart preservers
  16 draconian stormcallers
  13 war gargoyles
  7 blood saints
  53 stone giants
  19 very ugly things
  6 ophanim (Zig:14)
  20 draconian annihilators
  12 bennus
  2 stone giants (shapeshifter)
  31 entropy weavers
  24 deep elf annihilators
  4 lorocyprocas
  10 green draconians
  9 black draconians
  6 starcursed masses
  15 bunyips
  4 halazid warlocks (Desolation)
  Azrael (Spider:1)
  18 deep elf demonologists
  15 vampire knights
  2 apis
  6 red draconians
  6 black suns
  A dire elephant (shapeshifter) (Zig:8)
  10 yellow draconians
  11 purple draconians
  5 spark wasps
  12 blizzard demons
  14 ettins
  17 eidola
  9 dire elephants (Zig:25)
  12 white draconians
  34 merfolk javelineers
  6 crystal guardians
  51 green deaths
  21 death oozes
  15 deep elf death magi
  Josephine (D:11)
  31 mummy priests
  9 merfolk impalers
  20 eleionomae
  19 fire dragons
  8 jiangshi
  2 quicksilver dragon zombies
  21 yaktaur captains
  16 shambling mangroves
  Fannar (Lair:1)
  31 vault guards
  2 ragged hierophants (Desolation)
  17 great orbs of eyes
  18 naga warriors
  12 boulder beetles
  23 deep elf high priests
  14 ice dragons
  A spriggan air mage (Depths:3)
  Harold (Orc:1)
  80 hydras
  A quicksilver dragon skeleton (Zig:5)
  9 servants of whispers (Desolation)
  2 monstrous demonspawn
  6 rakshasas
  2 juggernaut simulacra (Zig:25)
  6 peacekeepers (Desolation)
  9 hell beasts
  16 centaur warriors
  19 anacondas
  4 death knights
  2 two-headed ogres (shapeshifter)
  9 alligator snapping turtles
  13 ogre magi
  5 ghost crabs
  3 catoblepae (Zig:25)
  A death yak (shapeshifter) (Zig:23)
  An anaconda (shapeshifter) (Zig:11)
  31 two-headed ogres
  3 merfolk avatars
  7 deep troll shamans
  17 satyrs
  15 alligators
  16 merfolk aquamancers
  56 dancing weapons
  15 vampire magi
  16 death scarabs
  A hell hog (Zig:3)
  6 deep troll earth magi
  2 titan zombies
  2 spriggan berserkers (Depths:3)
  A tengu warrior (Depths:2)
  5 thrashing horrors
  21 shock serpents
  2 shock serpents (shapeshifter)
  34 naga sharpshooters
  A storm dragon zombie (Zig:10)
  70 orc high priests
  Urug (Lair:1)
  A wretched star (Zig:21)
  28 iron trolls
  4 sun demons
  3 soul eaters
  A fire crab (shapeshifter) (Zig:19)
  48 deep elf knights
  23 deep trolls
  6 iron golems (Zig:26)
  A spatial maelstrom (Zig:6)
  11 shadow wraiths
  4 golden dragon zombies
  2 storm dragon skeletons
  10 sixfirhies
  26 skeletal warriors
  12 hell knights
  7 cherubim
  43 death drakes
  3 salamander mystics
  11 unseen horrors
  12 flayed ghosts
  10 glowing orange brains
  2 infernal demonspawn (Zig:22)
  3 spark wasp zombies
  A death drake (shapeshifter) (Zig:11)
  6 goliath frogs
  14 shadow demons
  33 deep elf archers
  5 wizards
  An orange crystal statue (Zig:24)
  A deep troll (shapeshifter) (Zig:11)
  6 obsidian statues
  6 sea snakes
  9 naga ritualists
  58 swamp dragons
  13 bog bodies
  11 spriggan druids
  4 tengu zombies
  3 necromancers
  24 ironbrand convokers
  A shadow dragon zombie (Zig:10)
  A golden dragon skeleton (Zig:16)
  3 anaconda skeletons (Crypt:3)
  4 lindwurms
  3 harpies
  27 orc knights
  16 phantasmal warriors
  A lindwurm (shapeshifter) (Vaults:4)
  Pikel (D:8)
  40 orb spiders
  7 mana vipers
  2 worldbinders
  A sphinx skeleton (Zig:18)
  23 fauns
  4 tengu skeletons
  22 ugly things
  A fire giant zombie (Zig:10)
  A shadow dragon skeleton (Zig:18)
  A faun (shapeshifter) (Zig:8)
  104 deep elf magi
  3 frost giant zombies
  55 wolf spiders
  A salamander (shapeshifter) (Zig:19)
  22 shining eyes
  2 stone giant zombies
  An iron dragon zombie (Zig:3)
  17 cyclopes
  A cyclops (shapeshifter) (Zig:8)
  14 manticores
  2 manticores (shapeshifter)
  A shining eye (shapeshifter) (Zig:8)
  4 iron dragon skeletons
  38 orc sorcerers
  6 ice statues
  15 will-o-the-wisps
  66 moths of wrath
  A moth of wrath (shapeshifter) (Zig:23)
  5 salamanders
  3 spriggan zombies
  Maurice (D:13)
  2 fire giant skeletons (Crypt:3)
  31 guardian serpents
  Psyche (D:8)
  A centaur zombie (D:13)
  6 merfolk sirens
  A guardian serpent (shapeshifter) (Zig:23)
  4 elephants (shapeshifter)
  68 black mambas
  2 frost giant skeletons
  9 elephants
  A rust devil (Zig:22)
  A torpor snail (shapeshifter) (Zig:19)
  A water nymph (shapeshifter) (Zig:8)
  13 apocalypse crabs
  17 vault sentinels
  31 torpor snails
  7 eyes of devastation
  28 naga magi
  8 molten gargoyles
  6 gargoyles
  15 water nymphs
  8 orange demons
  11 smoke demons
  A yaktaur zombie (D:15)
  32 cane toads
  A rime drake (shapeshifter) (Depths:2)
  2 kobold demonologists (Abyss:2)
  A demonspawn skeleton (WizLab)
  15 hellions
  2 efreet
  A spriggan skeleton (Zig:5)
  8 tormentors
  18 freezing wraiths
  38 yaktaurs
  10 komodo dragons
  A redback zombie (D:15)
  3 ice devils
  8 hellwings
  4 yaktaurs (shapeshifter)
  10 rime drakes
  28 demonic crawlers
  A golden dragon simulacrum (Zig:16)
  5 ancient zymes
  82 guardian mummies
  2 bloated husks
  4 polar bears
  12 red devils
  2 silent spectres (Zig:11)
  A jumping spider (shapeshifter) (Zig:15)
  53 merfolk
  62 hornets
  2 sphinx simulacra
  26 trolls
  40 jumping spiders
  2 polar bears (shapeshifter)
  A slime creature (shapeshifter) (Zig:9)
  19 tyrant leeches
  10 wind drakes
  42 blink frogs
  A raiju (shapeshifter) (Zig:23)
  2 raiju (Zig:21)
  A meliai (Zig:13)
  40 saltlings (Desolation)
  12 snapping turtles
  7 dream sheep
  A dream sheep (shapeshifter) (Zig:11)
  124 slime creatures
  2 ice dragon zombies (Crypt:3)
  Sigmund (D:3)
  10 air elementals
  A fire giant simulacrum (Vaults:3)
  4 ynoxinuls (Zig:22)
  31 flying skulls
  A tarantella (shapeshifter) (Zig:23)
  15 water elementals
  15 spriggans
  6 shadows
  50 tarantellas
  A redback (shapeshifter) (Vaults:5)
  23 wraiths
  Eustachio (D:4)
  2 ice dragon skeletons
  52 redbacks
  8 wyverns
  An alligator skeleton (Crypt:2)
  13 fire bats
  A fire dragon skeleton (D:15)
  20 ushabtiu
  36 yaks
  A vampire (D:15)
  12 fire elementals
  2 basilisks (shapeshifter)
  4 hogs (Swamp:4)
  13 chaos spawn
  A hog (shapeshifter) (Vaults:2)
  18 vampire mosquitoes
  9 basilisks
  4 golden eyes
  20 small abominations
  6 steam dragons (Zig:26)
  5 neqoxecs
  3 spatial vortices (WizLab)
  Menkaure (D:4)
  34 wargs
  29 large abominations
  24 nagas
  A swamp worm (shapeshifter) (Zig:8)
  6 hell hounds
  11 swamp worms
  7 acid dragons
  Duvessa (D:7)
  23 water moccasins
  3 floating eyes (shapeshifter)
  A soldier ant (D:15)
  2 floating eyes
  140 orc warriors
  17 swamp drakes
  A black bear (Lair:5)
  A black bear (shapeshifter) (Zig:16)
  A phantom (D:6)
  An eye of draining (shapeshifter) (Zig:16)
  A cane toad skeleton (Crypt:3)
  2 sky beasts
  8 necrophages
  2 swamp dragon zombies (Crypt:1)
  An ettin simulacrum (Vaults:3)
  9 boggarts
  2 ice beasts
  65 ogres
  14 wolves (Lair:6)
  18 eyes of draining
  15 centaurs
  A lemure (D:8)
  An elf simulacrum (Zig:25)
  3 elf zombies
  A big kobold (Depths:1)
  19 earth elementals
  19 bullfrogs
  A cyclops zombie (Crypt:1)
  5 elf skeletons
  A gnoll sergeant (D:8)
  2 wyvern zombies
  A yaktaur skeleton (Crypt:2)
  A human simulacrum (Vaults:1)
  Dowan (D:7)
  A water moccasin skeleton (D:7)
  5 scorpions
  5 killer bees (D:10)
  10 wights
  3 howler monkeys
  A raiju skeleton (WizLab)
  5 electric eels
  A crimson imp (Depths:3)
  A bullfrog zombie (D:7)
  A hound (D:7)
  A jelly (D:6)
  26 orc priests
  2 iron imps
  5 centaur skeletons
  3 iguanas
  A human skeleton (Crypt:3)
  36 orc wizards
  7 worker ants
  A killer bee zombie (D:5)
  A hound zombie (D:11)
  3 hound skeletons
  105 mummies
  Robin (D:2)
  2 worker ant zombies
  An adder (shapeshifter) (Vaults:4)
  15 gnolls
  A howler monkey skeleton (D:10)
  5 adders
  9 shadow imps
  A steam dragon skeleton (Crypt:2)
  6 white imps
  An ufetubus (D:7)
  3 adder zombies
  An adder skeleton (D:8)
  2 worms
  A dart slug (D:1)
  6 leopard geckos
  61 orcs
  A ball python (D:2)
  3 giant cockroaches
  22 goblins
  6 hobgoblins
  20 jackals
  21 kobolds
  3 quokkas
  67 bats
  6 frilled lizards
  A giant cockroach zombie (Crypt:2)
  A leopard gecko zombie (D:8)
  4 rats
  4 ball lightnings (Zig:21)
  4 blocks of ice
  A bush (Lair:5)
  A butterfly (D:9)
  32 crawling corpses
  147 fire vortices
  2 pillars of salt (Vaults:1)
  2 toadstools (Swamp:2)
5819 creatures vanquished.

Vanquished Creatures (collateral kills)
  2 golden dragons
  A pandemonium lord (Zig:15)
  A bone dragon (Zig:24)
  A hellephant (Zig:25)
  3 tentacled monstrosities
  A titan (Zig:23)
  A quicksilver dragon (Zig:27)
  An Executioner (Zig:21)
  A lich (Zig:9)
  4 acid blobs
  An ancient champion (Zig:24)
  A sphinx (Zig:11)
  A storm dragon (Zig:26)
  An azure jelly (Zig:15)
  2 draconian monks
  2 nagarajas
  A revenant (Zig:24)
  A frost giant (shapeshifter) (Zig:15)
  A blood saint (Zig:22)
  A ghost moth (Zig:16)
  2 vault wardens
  A draconian shifter (Zig:20)
  An orc warlord (Zig:17)
  2 corrupters (Zig:22)
  A curse skull (Zig:24)
  3 emperor scorpions
  A draconian stormcaller (Zig:20)
  2 cacodemons (Zig:22)
  2 stone giants
  2 ironheart preservers
  A vampire knight (Zig:6)
  2 apis (Zig:14)
  2 purple draconians (Zig:22)
  A red draconian (Zig:22)
  A yellow draconian (Zig:20)
  2 merfolk javelineers
  2 eidola
  A death ooze (Slime:5)
  2 eleionomae
  2 fire dragons (Zig:26)
  A green death (Zig:22)
  A ragged hierophant (Desolation)
  4 shambling mangroves (Zig:24)
  A yaktaur captain (Vaults:5)
  2 naga warriors
  A peacekeeper (Desolation)
  A boulder beetle (Vaults:1)
  A hell beast (Zig:22)
  A great orb of eyes (Zig:15)
  A centaur warrior (Zig:18)
  An ice dragon (Depths:5)
  A death knight (Vaults:1)
  3 hydras
  A merfolk aquamancer (Zig:20)
  An alligator (Zig:21)
  2 alligator snapping turtles (Zig:16)
  A catoblepas (Zig:25)
  An ogre mage (Vaults:2)
  2 thrashing horrors (Zig:21)
  An orc high priest (Abyss:2)
  A wretched star (Zig:21)
  2 swamp dragons
  A naga ritualist (Zig:27)
  A shadow dragon zombie (Zig:5)
  An orange crystal statue (Zig:9)
  A wolf spider (Zig:15)
  An orc knight (Zig:23)
  2 shining eyes
  A sphinx skeleton (Zig:5)
  A guardian serpent (Zig:16)
  A demonic crawler (Spider:4)
  2 jumping spiders
  3 saltlings (Desolation)
  5 slime creatures
  A snapping turtle (Zig:21)
  A raiju (Zig:21)
  5 redbacks
  2 yaks (Zig:25)
  2 tarantellas (Spider:4)
  A wraith (Zig:21)
  A basilisk (Zig:25)
  A naga (Zig:16)
  A floating eye (shapeshifter) (Zig:15)
  A swamp drake (Zig:26)
  A small abomination (Abyss:2)
  2 ogres
  A necrophage (Crypt:2)
  An eye of draining (Zig:15)
  2 centaurs
  3 mummies
  A white imp (Depths:3)
  3 orcs
  A jackal zombie (Crypt:2)
  3 ball lightnings (Zig:21)
  2 blocks of ice (Zig:15)
  4 foxfires
152 creatures vanquished.

Vanquished Creatures (others)
  An eldritch tentacle (WizLab)
  A draconian knight (Zig:20)
  A dancing weapon (Zig:19)
  An ironbrand convoker (Vaults:3)
  A will-o-the-wisp (Zig:16)
  A tormentor (Zig:10)
  A bloated husk (Zig:25)
  An ice devil (Zig:22)
  A hornet (Zig:24)
  A human (Swamp:4)
  A water elemental (Zig:23)
  A fire bat (Abyss:2)
  A steam dragon (Zig:26)
  A ball lightning (Zig:21)
  4 blocks of ice
  1797 fire vortices
  1789 foxfires
  62 fungi
  A lurking horror (Slime:3)
  A pillar of salt (Vaults:1)
  126 plants
  3 toadstools (Swamp:2)
  34 withered plants
3831 creatures vanquished.

Grand Total: 9802 creatures vanquished

Notes
Turn   | Place    | Note
-------+----------+-------------------------------------------
     0 | D:1      | Arthanis the Deep Elf Fire Elementalist began the quest for
                  | the Orb.
     0 | D:1      | Reached XP level 1. HP: 10/10 MP: 6/6
   269 | D:1      | Reached XP level 2. HP: 12/15 MP: 0/8
  1555 | D:2      | Reached XP level 3. HP: 19/19 MP: 5/10
  1774 | D:2      | Noticed Robin
  1780 | D:2      | Killed Robin
  1956 | D:2      | Learned a level 3 spell: Conjure Flame
  2038 | D:2      | Reached XP level 4. HP: 24/24 MP: 7/12
  2043 | D:2      | Learned a level 4 spell: Sticky Flame
  2375 | D:2      | Found a faded altar of an unknown god.
  2790 | D:3      | Reached skill level 5 in Fire Magic
  2939 | D:3      | Noticed Sigmund
  3085 | D:3      | Reached XP level 5. HP: 28/28 MP: 9/13
  3726 | D:4      | Reached XP level 6. HP: 32/32 MP: 8/15
  3732 | D:4      | Learned a level 5 spell: Fireball
  4055 | D:4      | Found Ketiorghua's Book Emporium.
  4123 | D:4      | Noticed Eustachio
  4155 | D:4      | Killed Eustachio
  4156 | D:4      | Reached skill level 5 in Spellcasting
  4441 | D:4      | Noticed Menkaure
  4470 | D:4      | Killed Menkaure
  4471 | D:4      | Reached XP level 7. HP: 36/36 MP: 11/17
  4576 | D:4      | Found a burning altar of Makhleb.
  4576 | D:4      | Found a blossoming altar of Fedhas.
  4615 | D:4      | Found a shadowy altar of Dithmenos.
  4643 | D:4      | Found a faded altar of an unknown god.
  4645 | D:4      | Found a glowing silver altar of Zin.
  4689 | D:5      | Entered Level 5 of the Dungeon
  4715 | D:5      | Learned a level 3 spell: Stone Arrow
  5902 | D:6      | Reached skill level 5 in Conjurations
  5967 | D:6      | Reached XP level 8. HP: 41/41 MP: 14/20
  6930 | D:7      | Noticed Duvessa
  6934 | D:7      | Noticed Dowan
  6939 | D:7      | Killed Duvessa
  6951 | D:7      | Killed Dowan
  7058 | D:3      | Killed Sigmund
  7447 | D:7      | Found Oneriqo's Mayhem Merchandise.
  7594 | D:7      | Reached XP level 9. HP: 45/45 MP: 10/23
  7685 | D:7      | Found a staircase to the Ecumenical Temple.
  7694 | Temple   | Entered the Ecumenical Temple
  8399 | D:7      | Found Giocsom's Armour Shoppe.
  8406 | D:7      | Bought a +0 helmet of intelligence for 149 gold pieces
  8853 | D:7      | Reached skill level 1 in Evocations
  8963 | D:8      | Found a staircase to the Lair.
  8978 | D:8      | Reached skill level 10 in Fire Magic
  9320 | D:8      | Noticed Psyche
  9326 | D:8      | Killed Psyche
  9449 | D:8      | Found Karagh's Book Emporium.
  9461 | D:8      | Bought a book of Minor Magic for 240 gold pieces
  9463 | D:8      | Learned a level 1 spell: Magic Dart
  9467 | D:8      | Learned a level 3 spell: Mephitic Cloud
  9470 | D:8      | Learned a level 2 spell: Blink
  9799 | D:8      | Noticed Pikel
  9816 | D:8      | Killed Pikel
 10129 | D:9      | Found a shimmering altar of Xom.
 10196 | D:9      | Found a radiant altar of Vehumet.
 10199 | D:9      | Became a worshipper of Vehumet
 10305 | D:9      | Found a flagged portal.
 10315 | Bailey   | Entered a bailey
 10499 | Bailey   | Reached XP level 10. HP: 50/50 MP: 19/25
 10655 | Bailey   | Found an iron altar of Okawaru.
 10978 | D:9      | Reached * piety under Vehumet
 10978 | D:9      | Offered knowledge of Shock by Vehumet.
 11002 | D:9      | Learned a level 1 spell: Shock
 11237 | D:9      | Found a hide-covered altar of Uskayaw.
 11511 | D:9      | Noticed a lindwurm
 11513 | D:9      | Noticed a lindwurm
 11514 | D:9      | Noticed a lindwurm
 11516 | D:9      | Noticed a lindwurm
 11539 | D:9      | Killed a lindwurm
 11540 | D:9      | Reached skill level 1 in Fighting
 11630 | D:10     | Entered Level 10 of the Dungeon
 11855 | D:10     | Found a runed translucent gate.
 11855 | D:10     | Found a runed translucent gate.
 11855 | D:10     | Found a runed translucent gate.
 11856 | D:10     | Noticed dohliylev's ghost (journeyman MiBe)
 11857 | D:10     | Noticed Tallon's ghost (novice DsFi)
 11857 | D:10     | Noticed Yakesh's ghost (journeyman MiFi)
 12113 | D:10     | Found Padiat's Book Emporium.
 12255 | D:10     | Noticed an unseen horror
 12257 | D:10     | Killed an unseen horror
 12258 | D:10     | Reached skill level 5 in Dodging
 12258 | D:10     | Reached skill level 10 in Spellcasting
 12276 | D:9      | Found a shimmering blue altar of Sif Muna.
 12276 | D:9      | Found a basalt altar of Yredelemnul.
 12582 | D:10     | Reached ** piety under Vehumet
 12582 | D:10     | Offered knowledge of Searing Ray by Vehumet.
 12775 | D:10     | Offered knowledge of Frozen Ramparts by Vehumet.
 12878 | D:10     | Reached *** piety under Vehumet
 13015 | D:10     | Found a stormy altar of Qazlal.
 13174 | D:10     | Reached XP level 11. HP: 57/57 MP: 7/27
 13283 | D:10     | Found a runed translucent door.
 13287 | D:10     | Found a sparkling altar of Nemelex Xobeh.
 13308 | D:10     | Found a sparkling altar of Nemelex Xobeh.
 13346 | D:10     | Noticed a flayed ghost
 13350 | D:10     | Found a stormy altar of Qazlal.
 13364 | D:10     | Found a shimmering blue altar of Sif Muna.
 13377 | D:10     | Found a white marble altar of Elyvilon.
 13758 | D:11     | Noticed Josephine
 13761 | D:11     | Killed Josephine
 13761 | D:11     | Offered knowledge of Ignite Poison by Vehumet.
 13762 | D:11     | Reached skill level 1 in Earth Magic
 13817 | D:11     | Found a staircase to the Orcish Mines.
 13831 | D:11     | Noticed an eight-headed hydra
 13854 | D:11     | Killed an eight-headed hydra
 14685 | D:13     | Noticed Maurice
 14689 | D:13     | Killed Maurice
 14837 | D:13     | Found Zasad's Antique Armour Shoppe.
 14936 | D:13     | Found Xofan's Gadget Shop.
 14936 | D:13     | Noticed an eight-headed hydra
 15040 | D:13     | Found Ubistet's Antique Weapon Shoppe.
 15421 | D:13     | Noticed a two-headed ogre
 15433 | D:13     | Killed a two-headed ogre
 15566 | D:13     | Noticed a centaur warrior
 15568 | D:13     | Killed a centaur warrior
 15568 | D:13     | Reached **** piety under Vehumet
 15606 | D:13     | Found Fapudotz's Antique Weapon Shop.
 15788 | D:13     | Reached skill level 10 in Conjurations
 15788 | D:13     | Reached XP level 12. HP: 62/62 MP: 15/30
 15835 | D:13     | Noticed a two-headed ogre
 15837 | D:13     | Killed a two-headed ogre
 15967 | D:13     | Noticed an eight-headed hydra
 15971 | D:13     | Killed an eight-headed hydra
 16092 | D:13     | Killed an eight-headed hydra
 16417 | D:14     | You fall into a shaft and drop 1 floor!
 16417 | D:15     | Entered Level 15 of the Dungeon
 16854 | D:14     | Found a shadowy altar of Dithmenos.
 16986 | D:14     | Offered knowledge of Dazzling Flash by Vehumet.
 17111 | D:14     | Found a gate to the Vaults.
 17111 | D:14     | Noticed a vault guard
 17124 | D:14     | Killed a vault guard
 17125 | D:14     | Reached skill level 15 in Fire Magic
 17296 | D:15     | Found an opulent altar of Gozag.
 17559 | Orc:1    | Entered Level 1 of the Orcish Mines
 17566 | Orc:1    | Found a dark tunnel.
 17595 | Volcano  | Entered a volcano
 17738 | Volcano  | Reached skill level 5 in Evocations
 17741 | Volcano  | Noticed a fire dragon
 18188 | Orc:1    | Noticed Harold
 18196 | Orc:1    | Killed Harold
 18650 | Orc:2    | Entered Level 2 of the Orcish Mines
 18650 | Orc:2    | Found Uwkaoro's Antique Weapon Shop.
 18650 | Orc:2    | Noticed an orc high priest
 18655 | Orc:2    | Killed an orc high priest
 18854 | Orc:2    | Found Ircha's Jewellery Emporium.
 18900 | Orc:2    | Reached ***** piety under Vehumet
 18982 | Orc:2    | Noticed an orc high priest
 18985 | Orc:2    | Killed an orc high priest
 18985 | Orc:2    | Noticed an orc warlord
 18986 | Orc:2    | Reached XP level 13. HP: 52/66 MP: 20/32
 18989 | Orc:2    | Killed an orc warlord
 18989 | Orc:2    | Offered knowledge of Bolt of Magma by Vehumet.
 19007 | Orc:1    | Learned a level 5 spell: Bolt of Magma
 19555 | Orc:2    | Bought an uncursed ring of see invisible for 150 gold
                  | pieces
 19557 | Orc:2    | Bought the ring "Varasoff" {Int+5 Stlth-} for 250 gold
                  | pieces
 19728 | Orc:2    | Found a staircase to the Elven Halls.
 19924 | Orc:2    | Found Ivaeta's Antique Armour Shoppe.
 20046 | Orc:2    | Found Dieg's General Store.
 20057 | Orc:2    | Bought 2 potions of brilliance for 128 gold pieces
 20057 | Orc:2    | Bought a potion of degeneration for 16 gold pieces
 20057 | Orc:2    | Bought a scroll of fear for 56 gold pieces
 20057 | Orc:2    | Bought a scroll of fog for 32 gold pieces
 20110 | Orc:2    | Found a bloodstained altar of Trog.
 20437 | Lair:1   | Entered Level 1 of the Lair of Beasts
 20784 | Lair:1   | Noticed Urug
 20799 | Lair:1   | Killed Urug
 20956 | Lair:1   | Noticed Fannar
 20966 | Lair:1   | Killed Fannar
 21311 | Lair:2   | Found a hole to the Spider Nest.
 22081 | Lair:3   | You fall into a shaft and drop 3 floors!
 22081 | Lair:6   | Entered Level 6 of the Lair of Beasts
 22117 | Lair:6   | Reached skill level 1 in Shields
 22923 | Lair:5   | Offered knowledge of Starburst by Vehumet.
 22924 | Lair:5   | Reached XP level 14. HP: 72/72 MP: 10/34
 22931 | Lair:5   | Learned a level 6 spell: Starburst
 25474 | Lair:3   | Found a staircase to the Swamp.
 25755 | Lair:3   | Found the +8 glaive of the Guard {elec, spectral, AC+5}
 26544 | Lair:6   | Reached skill level 15 in Spellcasting
 27009 | Lair:6   | Offered knowledge of Freezing Cloud by Vehumet.
 27742 | Lair:6   | Found a staircase to the Slime Pits.
 27742 | Lair:6   | Found a viscous altar of Jiyva.
 28148 | Elf:1    | Entered Level 1 of the Elven Halls
 28377 | Elf:1    | Reached XP level 15. HP: 76/76 MP: 2/36
 28854 | Elf:1    | Reached skill level 1 in Armour
 29558 | Elf:1    | Noticed Aizul
 29562 | Elf:1    | Killed Aizul
 29748 | Elf:1    | Learned a level 2 spell: Sublimation of Blood
 30092 | Elf:2    | Found Dausor's Armour Emporium.
 30116 | Elf:2    | Learned a level 4 spell: Airstrike
 30260 | Elf:2    | Found a huge runed translucent gate.
 30260 | Elf:2    | Found a huge runed translucent gate.
 30260 | Elf:2    | Found a huge runed translucent gate.
 30260 | Elf:2    | Found a huge runed translucent gate.
 30261 | Elf:2    | Found a huge runed translucent gate.
 30338 | Elf:2    | Found a transporter.
 30343 | Elf:2    | Identified the cursed +3 quick blade of Louf {antimagic,
                  | Int+6}
 30343 | Elf:2    | Noticed a deep elf blademaster
 30343 | Elf:2    | Noticed Qiokh's ghost (veteran MiBe)
 30344 | Elf:2    | Identified the +9 quick blade of Megalomania {flame, +Rage}
 30344 | Elf:2    | Noticed a deep elf blademaster
 30359 | Elf:2    | Identified the +0 longbow of Roig {flame, *Contam Str+3
                  | Int+9 Dex-3}
 30359 | Elf:2    | Noticed a deep elf master archer
 30398 | Elf:2    | Reached skill level 1 in Air Magic
 30461 | Elf:2    | Found a transporter.
 30465 | Elf:2    | Found a bloodstained altar of Trog.
 30465 | Elf:2    | Noticed a deep elf blademaster
 30759 | Elf:3    | Entered Level 3 of the Elven Halls
 30838 | Elf:3    | Found a runed translucent gate.
 30838 | Elf:3    | Found a runed translucent gate.
 30838 | Elf:3    | Noticed a fire giant
 30839 | Elf:3    | Found a runed translucent gate.
 30839 | Elf:3    | Noticed a frost giant
 31368 | Elf:3    | Noticed a deep elf sorcerer
 31376 | Elf:3    | Killed a deep elf sorcerer
 31544 | Elf:3    | Noticed a deep elf sorcerer
 31547 | Elf:3    | Killed a deep elf sorcerer
 31604 | Elf:3    | Noticed a deep elf blademaster
 31612 | Elf:3    | Killed a deep elf blademaster
 31614 | Elf:3    | Noticed a deep elf sorcerer
 31617 | Elf:3    | Killed a deep elf sorcerer
 31619 | Elf:3    | Offered knowledge of Orb of Destruction by Vehumet.
 31620 | Elf:3    | Reached XP level 16. HP: 32/84 MP: 12/38
 31639 | Elf:3    | Learned a level 7 spell: Orb of Destruction
 32045 | Elf:3    | Cast into level 2 of the Abyss (a deep elf demonologist)
 32065 | Abyss:2  | Noticed an Executioner
 32131 | Abyss:2  | Noticed a tentacled monstrosity
 32237 | Abyss:2  | Found a shimmering blue altar of Sif Muna.
 32277 | Abyss:2  | Reached skill level 5 in Stealth
 32287 | Abyss:2  | Found a shimmering blue altar of Sif Muna.
 32304 | Abyss:2  | Identified the Papyrus of Creation
 32354 | Elf:3    | Escaped the Abyss
 32626 | Elf:3    | Reached skill level 10 in Dodging
 33006 | Elf:3    | Noticed a deep elf master archer
 33009 | Elf:3    | Killed a deep elf master archer
 33027 | Elf:3    | Noticed a deep elf master archer
 33029 | Elf:3    | Killed a deep elf master archer
 33417 | Elf:3    | Noticed a deep elf master archer
 33419 | Elf:3    | Killed a deep elf master archer
 33493 | Elf:3    | Identified the ring "Xamp" {rF+ rC- Str+6 Slay+5}
 33684 | Elf:3    | Identified 2 scrolls of acquirement
 33782 | Elf:3    | Acquired a book of the Sky
 33786 | Elf:3    | Acquired an uncursed staff of fire
 34196 | Elf:3    | Offered knowledge of Ozocubu's Refrigeration by Vehumet.
 34279 | Elf:3    | Noticed agentgt's ghost (adept HuVM)
 34280 | Elf:3    | Identified the cursed +0 leather armour of the Hart
                  | {Slay+5}
 34283 | Elf:3    | Found an iron altar of Okawaru.
 34392 | Elf:2    | Reached skill level 15 in Conjurations
 34526 | Elf:2    | Reached XP level 17. HP: 88/88 MP: 40/40
 35129 | Elf:2    | Learned a level 5 spell: Iskenderun's Battlesphere
 35419 | D:15     | Found a staircase to the Depths.
 35501 | D:15     | Noticed Rupert
 35508 | D:15     | Killed Rupert
 35746 | D:15     | Reached ****** piety under Vehumet
 35996 | D:15     | Offered knowledge of Yara's Violent Unravelling by Vehumet.
 36201 | D:15     | Learned a level 9 spell: Fire Storm
 36413 | Swamp:1  | Entered Level 1 of the Swamp
 37235 | Swamp:3  | Reached skill level 1 in Necromancy
 37346 | Swamp:4  | Entered Level 4 of the Swamp
 37360 | Swamp:4  | Noticed Kirke
 37367 | Swamp:4  | Reached XP level 18. HP: 94/94 MP: 29/42
 37372 | Swamp:4  | Killed Kirke
 37626 | Swamp:4  | Offered knowledge of Ignition by Vehumet.
 37694 | Swamp:3  | Learned a level 8 spell: Ignition
 38373 | Swamp:4  | Got a decaying rune of Zot
 38522 | Spider:1 | Entered Level 1 of the Spider Nest
 38680 | Spider:1 | Noticed Azrael
 38686 | Spider:1 | Killed Azrael
 39193 | Spider:1 | Noticed Louise
 39197 | Spider:1 | Killed Louise
 39197 | Spider:1 | Offered knowledge of Shatter by Vehumet.
 39762 | Spider:1 | Identified the +7 trident of Dawn {vorpal, rPois rF+++
                  | Int+4 Stlth+} (You found it on level 1 of the Spider Nest)
 39872 | Spider:2 | Identified the +2 pair of boots of the Hunter {Will+ Str-4
                  | Int+6} (You found it on level 2 of the Spider Nest)
 40672 | Spider:4 | Entered Level 4 of the Spider Nest
 40684 | Spider:4 | Noticed Bai Suzhen
 40684 | Spider:4 | Noticed Arachne
 40740 | Spider:4 | Reached XP level 19. HP: 93/98 MP: 41/44
 40785 | Spider:4 | Killed Bai Suzhen
 40797 | Spider:4 | Killed Arachne
 41210 | Spider:4 | Got a gossamer rune of Zot
 41469 | Slime:1  | Entered Level 1 of the Pits of Slime
 41573 | Slime:2  | Reached skill level 5 in Necromancy
 42266 | Slime:3  | You fall into a shaft and drop 1 floor!
 42336 | Slime:3  | Gained mutation: You have supernaturally acute eyesight.
                  | (SInv) [a shining eye]
 42579 | Slime:5  | Entered Level 5 of the Pits of Slime
 42600 | Slime:5  | Reached XP level 20. HP: 95/103 MP: 46/46
 42625 | Slime:5  | Noticed the Royal Jelly
 42629 | Slime:5  | Killed the Royal Jelly
 42752 | Slime:5  | Found the +18 shield of the Gong {rElec rN+ Will+ EV-5}
 42794 | Slime:5  | Got a slimy rune of Zot
 43191 | Vaults:1 | Entered Level 1 of the Vaults
 43229 | Vaults:1 | Found a runed translucent gate.
 43229 | Vaults:1 | Found a runed translucent gate.
 43229 | Vaults:1 | Found a runed translucent gate.
 43230 | Vaults:1 | Noticed Nornya's ghost (veteran MfSu)
 43327 | Vaults:1 | Found a ruined gateway.
 43360 | Desolati | Entered the Desolation of Salt
 43524 | Desolati | Identified the Almanac of Burning Darkness
 43529 | Desolati | Identified the Catalogue of Damaging Transformation
 43532 | Desolati | Identified the +1 robe "Ceas" {-Cast Harm Dex+9 SInv} (You
                  | found it in the Desolation of Salt)
 43563 | Desolati | Identified the ring of Axotatt {rN+ Will++ MP+9} (You found
                  | it in the Desolation of Salt)
 43570 | Desolati | Identified the amulet "Hoat" {Faith Will+} (You found it in
                  | the Desolation of Salt)
 43579 | Desolati | Identified the amulet "Kojewaceqa" {Faith rC+} (You found
                  | it in the Desolation of Salt)
 43584 | Desolati | Identified Sif Muna's Volume of Ashen Changing
 43637 | Desolati | Reached skill level 5 in Air Magic
 43713 | Desolati | Got a smoking pewter ring
 43714 | Desolati | Identified the Incunabulum of the Virous Snowflakes
 43746 | Desolati | Identified the ring of Erotamoirr {rPois AC+4 Dex+2} (You
                  | found it in the Desolation of Salt)
 44159 | Vaults:2 | Noticed Asterion
 44163 | Vaults:2 | Killed Asterion
 44176 | Vaults:2 | Reached XP level 21. HP: 83/108 MP: 48/48
 44484 | Vaults:3 | Reached skill level 10 in Air Magic
 44624 | Vaults:3 | Found a gateway to a bazaar.
 44636 | Bazaar   | Entered a bazaar
 44653 | Bazaar   | Found Iggixoid's Armour Emporium.
 44653 | Bazaar   | Found Onigeff's Magic Scroll Shoppe.
 44674 | Bazaar   | Found Xugirphiu's Assorted Antiques.
 44674 | Bazaar   | Found Othrinanku's Magic Scroll Shoppe.
 44695 | Bazaar   | Found Dum Muet's Jewellery Emporium.
 44695 | Bazaar   | Found Fioh's Gadget Shoppe.
 44716 | Bazaar   | Found Muonirph's General Store.
 44716 | Bazaar   | Found Cituam's Assorted Antiques.
 44793 | Bazaar   | Bought a scroll of enchant armour for 135 gold pieces
 44793 | Bazaar   | Bought a scroll of teleportation for 54 gold pieces
 44793 | Bazaar   | Bought a scroll of teleportation for 54 gold pieces
 44793 | Bazaar   | Bought a scroll of immolation for 63 gold pieces
 44793 | Bazaar   | Bought a scroll of enchant armour for 135 gold pieces
 44793 | Bazaar   | Bought a scroll of immolation for 63 gold pieces
 44817 | Bazaar   | Bought a scroll of teleportation for 48 gold pieces
 44817 | Bazaar   | Bought a potion of haste for 160 gold pieces
 44817 | Bazaar   | Bought a scroll of identify for 32 gold pieces
 44825 | Bazaar   | Bought a scroll of magic mapping for 45 gold pieces
 44825 | Bazaar   | Bought a scroll of identify for 26 gold pieces
 44825 | Bazaar   | Bought a scroll of identify for 26 gold pieces
 44825 | Bazaar   | Bought a scroll of identify for 26 gold pieces
 44825 | Bazaar   | Bought a scroll of teleportation for 39 gold pieces
 44825 | Bazaar   | Bought a scroll of identify for 26 gold pieces
 44825 | Bazaar   | Bought a scroll of identify for 26 gold pieces
 44825 | Bazaar   | Bought a scroll of enchant armour for 97 gold pieces
 44841 | Bazaar   | Bought the ring "Ocut Mub" {Wiz rElec rF+ Will+} for 792
                  | gold pieces
 44863 | Bazaar   | Bought a scroll of teleportation for 33 gold pieces
 44863 | Bazaar   | Bought a scroll of identify for 22 gold pieces
 44922 | Vaults:3 | Found a staircase to the Crypt.
 44922 | Vaults:3 | Found a basalt altar of Yredelemnul.
 44923 | Vaults:3 | Found an ancient bone altar of Kikubaaqudgha.
 45078 | Vaults:4 | Noticed Mennas
 45079 | Vaults:4 | Noticed Jory
 45205 | Vaults:2 | Noticed Donald
 45208 | Vaults:2 | Killed Donald
 45277 | Vaults:3 | Killed Mennas
 45369 | Vaults:4 | Killed Jory
 45542 | Vaults:4 | Noticed Xtahua
 45546 | Vaults:4 | Killed Xtahua
 45729 | Vaults:4 | Noticed Mara
 45736 | Vaults:4 | Killed Mara
 45844 | Crypt:1  | Entered Level 1 of the Crypt
 45925 | Crypt:1  | Acquired 1141 gold pieces
 45930 | Crypt:1  | Noticed Sojobo
 45931 | Crypt:1  | Killed Sojobo
 45964 | Crypt:1  | Reached XP level 22. HP: 72/112 MP: 49/49
 46040 | Crypt:2  | Found a transporter.
 46065 | Crypt:2  | Found a transporter.
 46079 | Crypt:2  | Found a magical portal.
 46089 | WizLab   | Entered The Roulette of Golubria
 46089 | WizLab   | Found a transporter.
 46094 | WizLab   | Found a corrupted altar of Lugonu.
 46108 | WizLab   | Found a transporter.
 46149 | WizLab   | Found a transporter.
 46149 | WizLab   | Found a transporter.
 46158 | WizLab   | Found a transporter.
 46158 | WizLab   | Found a transporter.
 46178 | WizLab   | Found a transporter.
 46178 | WizLab   | Found a transporter.
 46183 | WizLab   | Reached skill level 15 in Air Magic
 46239 | WizLab   | Found a transporter.
 46239 | WizLab   | Found a transporter.
 46271 | WizLab   | Found a transporter.
 46271 | WizLab   | Found a transporter.
 46291 | WizLab   | Found a transporter.
 46291 | WizLab   | Found a transporter.
 46293 | WizLab   | Found a corrupted altar of Lugonu.
 46318 | WizLab   | Learned a level 9 spell: Shatter
 46407 | WizLab   | Found a transporter.
 46420 | WizLab   | Found a transporter.
 46456 | WizLab   | Found a transporter.
 46582 | WizLab   | Found a transporter.
 46582 | WizLab   | Found a transporter.
 46608 | WizLab   | Found the +1 cloak of Starlight {*Dazzle EV+4 Stlth--}
 46609 | WizLab   | Found a transporter.
 46635 | WizLab   | Identified Golubria's Almanac of Translocation
 46639 | WizLab   | Got a polished cloak
 46656 | WizLab   | Got a slimy cloak
 46667 | WizLab   | Got a twisted cloak
 46692 | WizLab   | Identified the +4 cloak "Vuutyg" {rC- Str+4 Slay+3} (You
                  | found it in a wizard's laboratory)
 46702 | WizLab   | Identified the +2 cloak of Lust {rElec} (You found it in a
                  | wizard's laboratory)
 46712 | WizLab   | Identified the +1 cloak of Filth {Rampage Str-4 Int-4
                  | Stlth+} (You found it in a wizard's laboratory)
 46712 | WizLab   | Lost strength.
 46848 | Crypt:2  | Learned a level 9 spell: Tornado
 47138 | Crypt:2  | Got a pair of distressingly furry boots
 47156 | Crypt:2  | Identified the +1 pair of boots of Satisfaction {Int+3}
                  | (You found it on level 2 of the Crypt)
 47187 | Crypt:2  | Identified the cursed +0 ring mail of Caemp {-Tele Str+7
                  | Int+4}
 47250 | Crypt:3  | Entered Level 3 of the Crypt
 47932 | Crypt:3  | Found an ancient bone altar of Kikubaaqudgha.
 47934 | Crypt:3  | Noticed an ancient lich
 47937 | Crypt:3  | Noticed an ancient lich
 47938 | Crypt:3  | Killed an ancient lich
 47940 | Crypt:3  | Killed an ancient lich
 47952 | Crypt:3  | Noticed an ancient lich
 47956 | Crypt:3  | Killed an ancient lich
 47963 | Crypt:3  | Identified the cursed +0 tower shield "Kiadi" {Harm +Blink
                  | Stlth-} (You found it on level 3 of the Crypt)
 48236 | Crypt:3  | Found a staircase to the Tomb.
 48761 | Vaults:4 | Reached XP level 23. HP: 109/116 MP: 50/50
 48814 | Vaults:5 | Entered Level 5 of the Vaults
 49054 | Depths:1 | Entered Level 1 of the Depths
 49088 | Depths:1 | Found Heossovuu's Antique Armour Boutique.
 49092 | Depths:1 | Found a runed translucent gate.
 49097 | Depths:1 | Bought a faintly humming leather armour for 266 gold pieces
 49097 | Depths:1 | Bought a thick robe for 216 gold pieces
 49097 | Depths:1 | Identified the cursed +0 leather armour the Sandy Komodo
                  | Dragon {*Slow rPois Will+} (You bought it in a shop on
                  | level 1 of the Depths)
 49098 | Depths:1 | Identified the +5 robe of the Iron Devil {+Blink +Inv rF+
                  | Int-5} (You bought it in a shop on level 1 of the Depths)
 49116 | Depths:1 | Found a runed translucent gate.
 49116 | Depths:1 | Noticed Seileci's ghost (adept TrMo)
 49117 | Depths:1 | Found a runed translucent gate.
 49153 | Depths:1 | Found a gateway to Hell.
 49548 | Depths:2 | Noticed a caustic shrike
 49553 | Depths:2 | Killed a caustic shrike
 49594 | Depths:2 | Acquired a scarf of repulsion
 49680 | Depths:2 | Reached skill level 5 in Fighting
 49686 | Depths:2 | Found a gateway to a ziggurat.
 49865 | Depths:3 | Reached skill level 10 in Necromancy
 49974 | Depths:3 | Found a one-way gate leading to the halls of Pandemonium.
 50135 | Depths:4 | Reached XP level 24. HP: 105/125 MP: 16/51
 50468 | Depths:4 | Found Defuas's Antique Weapon Boutique.
 50648 | Depths:4 | Found a one-way gate to the infinite horrors of the Abyss.
 50672 | Depths:5 | Entered Level 5 of the Depths
 50679 | Depths:5 | Reached skill level 10 in Evocations
 51071 | Depths:5 | Found a gate to the Realm of Zot.
 51085 | Depths:5 | Found a sparkling altar of Nemelex Xobeh.
 51544 | Vaults:5 | Noticed Boris
 51549 | Vaults:5 | Killed Boris
 51804 | Vaults:5 | Learned a level 9 spell: Absolute Zero
 51925 | Vaults:5 | Reached XP level 25. HP: 131/131 MP: 45/53
 51938 | Vaults:5 | Identified the +8 flail of Mastery {vorpal, Fragile rElec
                  | Dex+2 SInv}
 51938 | Vaults:5 | Identified the +7 hunting sling "Geilocza" {vorpal, *Slow
                  | +Blink Str+2 Int+7}
 51944 | Vaults:5 | Reached skill level 5 in Earth Magic
 51989 | Vaults:5 | Identified the +6 mace "Zyenkikk" {antimagic, Int+7} (You
                  | found it on level 5 of the Vaults)
 52131 | Vaults:5 | Identified the ring "Najics" {+Fly rF+ Str+4 Dex+3} (You
                  | found it on level 5 of the Vaults)
 52247 | Vaults:5 | Identified the cursed +0 kite shield of the Skies Above
                  | {+Inv Stlth+} (You found it on level 5 of the Vaults)
 52345 | Vaults:5 | Got a silver rune of Zot
 52346 | Vaults:5 | Identified the Incunabulum of the Feathery Blaze
 52349 | Vaults:5 | Identified the Reference Book on Ashen Lightness
 52872 | Zig:1    | Entered Level 1 of a ziggurat
 52893 | Zig:2    | Entered Level 2 of a ziggurat
 52908 | Zig:3    | Entered Level 3 of a ziggurat
 52933 | Zig:4    | Entered Level 4 of a ziggurat
 53170 | Zig:5    | Entered Level 5 of a ziggurat
 53176 | Zig:5    | Noticed Xeuproat the pandemonium lord
 53179 | Zig:5    | Killed Xeuproat the pandemonium lord
 53190 | Zig:5    | Identified the cursed +3 falchion "Hydrabane" {vorpal,
                  | *Noise rC+++ rN+ Dex-2} (You found it on level 5 of a
                  | ziggurat)
 53215 | Zig:6    | Entered Level 6 of a ziggurat
 53246 | Zig:7    | Entered Level 7 of a ziggurat
 53257 | Zig:7    | Found the ring of the Hare {EV+8}
 53261 | Zig:7    | Identified the Collected Works on Icy Transformation
 53264 | Zig:7    | Identified the ring "Pigacw" {Ice Str+3} (You found it on
                  | level 7 of a ziggurat)
 53274 | Zig:7    | Identified the ring of Filerche {rC+ rN++ Str-2 Dex+4} (You
                  | found it on level 7 of a ziggurat)
 53285 | Zig:8    | Entered Level 8 of a ziggurat
 53297 | Zig:8    | Reached skill level 10 in Earth Magic
 53320 | Zig:8    | Identified the ring "Yqopuzxosag" {rPois Dex+4 SInv} (You
                  | found it on level 8 of a ziggurat)
 53326 | Zig:8    | Reached XP level 26. HP: 136/136 MP: 54/54
 53327 | Zig:8    | Reached XP level 27. HP: 140/140 MP: 54/54
 53329 | Zig:9    | Entered Level 9 of a ziggurat
 53355 | Zig:9    | Got a faintly humming robe
 53375 | Zig:9    | Identified the +5 robe of the Lair of Beasts {rPois rC+
                  | Will+ Str-4} (You found it on level 9 of a ziggurat)
 53379 | Zig:10   | Entered Level 10 of a ziggurat
 53419 | Zig:10   | Got a scorched platinum ring
 53469 | Zig:11   | Entered Level 11 of a ziggurat
 53515 | Zig:11   | Learned a level 9 spell: Death's Door
 53527 | Zig:11   | Got a steaming leather armour
 53530 | Zig:12   | Entered Level 12 of a ziggurat
 53550 | Zig:12   | Found the cursed necklace of Bloodlust {*Rage +Rage Will++
                  | Int-3 Slay+6 *Curse}
 53568 | Zig:12   | Reached skill level 15 in Earth Magic
 53587 | Zig:13   | Entered Level 13 of a ziggurat
 53604 | Zig:13   | Found the +2 cloak of the Thief {*Fog Slay-2 SInv Stlth+}
 53628 | Zig:13   | Identified the Volume of Battle Magic
 53641 | Zig:13   | Identified the +4 leather armour "Fuohemiv" {Harm +Inv rC+}
                  | (You found it on level 11 of a ziggurat)
 53646 | Zig:13   | Got a coiled silver amulet
 53691 | Zig:13   | Identified the ring "Saij" {rF+ rC+ Dex+2} (You found it on
                  | level 10 of a ziggurat)
 53707 | Zig:14   | Entered Level 14 of a ziggurat
 53781 | Zig:14   | Identified Nurat's Almanac of Dusty Confrontation
 53789 | Zig:14   | Identified the amulet "Laehawet" {Acrobat rPois rF++ rC-
                  | Will+ Int+4} (You found it on level 13 of a ziggurat)
 53801 | Zig:15   | Entered Level 15 of a ziggurat
 53833 | Zig:15   | Found the +10 morningstar "Eos" {elec, Halo rElec}
 53860 | Zig:15   | Identified the +5 scimitar "Zemp" {venom, rC+ Str+4} (You
                  | found it on level 15 of a ziggurat)
 53870 | Zig:15   | Identified the +2 leather armour "Sukhliug" {+Blink} (You
                  | found it on level 15 of a ziggurat)
 53886 | Zig:16   | Entered Level 16 of a ziggurat
 53900 | Zig:16   | Noticed a royal mummy
 53903 | Zig:16   | Killed a royal mummy
 53903 | Zig:16   | Noticed a royal mummy
 53906 | Zig:16   | Killed a royal mummy
 53907 | Zig:16   | Noticed a royal mummy
 53912 | Zig:16   | Killed a royal mummy
 53912 | Zig:16   | Noticed a royal mummy
 53915 | Zig:16   | Killed a royal mummy
 53951 | Zig:16   | Got a pitted ivory ring
 53953 | Zig:16   | Identified the ring of Eham Pio {rPois Will+} (You found it
                  | on level 16 of a ziggurat)
 53973 | Zig:17   | Entered Level 17 of a ziggurat
 53994 | Zig:17   | Noticed a juggernaut
 53998 | Zig:17   | Killed a juggernaut
 54001 | Zig:17   | Found the +6 Majin-Bo {vamp, MP+6 Int+6}
 54025 | Zig:17   | Identified the Handbook of the Dusty Traveller
 54053 | Zig:18   | Entered Level 18 of a ziggurat
 54097 | Zig:18   | Got a clouded iron amulet
 54117 | Zig:18   | Identified the amulet "Wyuvuuh" {Acrobat *Corrode Will-
                  | Int+2 Dex+4} (You found it on level 18 of a ziggurat)
 54125 | Zig:18   | Got a clouded platinum amulet
 54131 | Zig:18   | Identified the amulet of Ebloiliu {RegenMP +Blink Str+4}
                  | (You found it on level 18 of a ziggurat)
 54164 | Zig:18   | Identified the amulet of Muocyeca {Spirit Slay+2} (You
                  | found it on level 18 of a ziggurat)
 54239 | Zig:19   | Entered Level 19 of a ziggurat
 54256 | Zig:19   | Noticed an ancient lich
 54258 | Zig:19   | Killed an ancient lich
 54266 | Zig:19   | Killed an ancient lich
 54266 | Zig:19   | Noticed an ancient lich
 54269 | Zig:19   | Killed an ancient lich
 54270 | Zig:19   | Noticed an ancient lich
 54271 | Zig:19   | Killed an ancient lich
 54282 | Zig:19   | Found the ring of the Octopus King
 54283 | Zig:19   | Found the +2 ratskin cloak {*Rats rPois rN+ Str-1 Int-1
                  | Dex+1}
 54295 | Zig:19   | Identified a ring of the Octopus King {AC+1 EV+1 Str+1
                  | Int+1 Dex+1 SInv} (You found it on level 19 of a ziggurat)
 54311 | Zig:19   | Identified Itaskotu's Incunabulum of Summoning and Changing
 54503 | Zig:20   | Entered Level 20 of a ziggurat
 54518 | Zig:20   | Noticed a juggernaut
 54519 | Zig:20   | Noticed a juggernaut
 54520 | Zig:20   | Noticed a juggernaut
 54520 | Zig:20   | Noticed a juggernaut
 54521 | Zig:20   | Killed a juggernaut
 54522 | Zig:20   | Reached skill level 15 in Necromancy
 54522 | Zig:20   | Killed a juggernaut
 54526 | Zig:20   | Noticed a juggernaut
 54527 | Zig:20   | Killed a juggernaut
 54527 | Zig:20   | Killed a juggernaut
 54527 | Zig:20   | Noticed a juggernaut
 54529 | Zig:20   | Noticed a juggernaut
 54530 | Zig:20   | Killed a juggernaut
 54530 | Zig:20   | Killed a juggernaut
 54533 | Zig:20   | Killed a juggernaut
 54545 | Zig:20   | Found the +3 Elemental Staff {rElec rF++ rC++ Will++ AC+5}
 54551 | Zig:20   | Identified the ring of Fyukeukk {rF+ Stlth+} (You found it
                  | on level 20 of a ziggurat)
 54587 | Zig:21   | Entered Level 21 of a ziggurat
 54606 | Zig:21   | Reached skill level 27 in Spellcasting
 54637 | Zig:21   | Identified the ring "Likloqoj" {rN+ Str+4 Int-4 Slay+2}
                  | (You found it on level 21 of a ziggurat)
 54641 | Zig:21   | Identified Ogyhedi's Incunabulum of Unstable Necromancy
 54647 | Zig:21   | Identified the Collected Works on Quantum Evil Secrets
 54658 | Zig:21   | Identified Yxicar's Incunabulum of the Ghastly Arsonist
 54752 | Zig:22   | Entered Level 22 of a ziggurat
 54776 | Zig:22   | Noticed Soesoet the pandemonium lord
 54781 | Zig:22   | Killed Soesoet the pandemonium lord
 54810 | Zig:22   | Found the +7 great mace "Undeadhunter" {disrupt, rN+}
 54827 | Zig:22   | Identified the +3 buckler of the End {rF+ Will- Str+8} (You
                  | found it on level 22 of a ziggurat)
 54854 | Zig:22   | Identified Qyol Xatwuc's Catalogue of Evil Rituals
 54871 | Zig:23   | Entered Level 23 of a ziggurat
 54881 | Zig:23   | Noticed a juggernaut
 54884 | Zig:23   | Killed a juggernaut
 54889 | Zig:23   | Noticed a juggernaut
 54890 | Zig:23   | Noticed a juggernaut
 54891 | Zig:23   | Killed a juggernaut
 54891 | Zig:23   | Noticed a juggernaut
 54894 | Zig:23   | Killed a juggernaut
 54895 | Zig:23   | Reached skill level 5 in Armour
 54895 | Zig:23   | Noticed a juggernaut
 54896 | Zig:23   | Killed a juggernaut
 54898 | Zig:23   | Killed a juggernaut
 54899 | Zig:23   | Noticed a juggernaut
 54900 | Zig:23   | Noticed a juggernaut
 54902 | Zig:23   | Killed a juggernaut
 54903 | Zig:23   | Reached skill level 10 in Fighting
 54903 | Zig:23   | Killed a juggernaut
 54926 | Zig:23   | Found the +9 sword of Zonguldrok {reap}
 54956 | Zig:23   | Identified the cursed +1 leather armour of the Rose {rC+
                  | Stlth+} (You found it on level 23 of a ziggurat)
 54962 | Zig:23   | Identified Sif Muna's Grimoire of Clay and Ignition
 55083 | Zig:24   | Entered Level 24 of a ziggurat
 55100 | Zig:24   | Noticed an ancient lich
 55102 | Zig:24   | Killed an ancient lich
 55107 | Zig:24   | Noticed an ancient lich
 55109 | Zig:24   | Killed an ancient lich
 55112 | Zig:24   | Noticed an ancient lich
 55115 | Zig:24   | Killed an ancient lich
 55137 | Zig:24   | Found the macabre finger necklace {rN+}
 55145 | Zig:24   | Identified Jeus's Reference Book on Flight and the Rocks
 55149 | Zig:24   | Got a slimy bronze ring
 55168 | Zig:24   | Identified the ring "Ypnyl" {Will+ rCorr SInv} (You found
                  | it on level 24 of a ziggurat)
 55180 | Zig:24   | Identified the ring of Pegoi {+Fly rPois rN+} (You found it
                  | on level 24 of a ziggurat)
 55307 | Zig:25   | Entered Level 25 of a ziggurat
 55326 | Zig:25   | Reached skill level 10 in Stealth
 55343 | Zig:25   | Reached skill level 27 in Fire Magic
 55350 | Zig:25   | Reached skill level 10 in Armour
 55370 | Zig:25   | Found the +3 salamander hide armour {Flames rF++ rC--}
 55414 | Zig:26   | Entered Level 26 of a ziggurat
 55467 | Zig:26   | Found the +5 robe of Misfortune {*Contam Harm *Corrode
                  | *Drain *Slow EV+5}
 55468 | Zig:26   | Found the brooch of Shielding {Spirit SH+8}
 55470 | Zig:26   | Found the +2 hood of the Assassin {Detection Stab+ Stlth++}
 55478 | Zig:26   | Got an ancient bone ring
 55488 | Zig:26   | Acquired a manual of Fighting
 55524 | Zig:27   | Entered Level 27 of a ziggurat
 55544 | Zig:27   | Reached skill level 1 in Ice Magic
 55558 | Zig:27   | Reached skill level 5 in Ice Magic
 55570 | Zig:27   | Reached skill level 10 in Ice Magic
 55588 | Zig:27   | Found the +2 shield of Resistance {rF++ rC++ Will++}
 55599 | Zig:27   | Identified A Beginning Course on Wizardry
 55610 | Zig:27   | Identified the Compendium of Heat and the Oath
 55624 | Zig:27   | Identified the ring of Sung {+Fly Int+7 Dex+3} (You found
                  | it on level 26 of a ziggurat)
 55633 | Zig:27   | Got a twisted robe
 55644 | Zig:27   | Identified the +1 robe of Sunlight {rN+ SInv Stlth-} (You
                  | found it on level 27 of a ziggurat)
 55981 | Vaults:4 | Learned a level 8 spell: Necromutation
 56228 | Zig:1    | Entered Level 1 of a ziggurat
 56249 | Zig:2    | Entered Level 2 of a ziggurat
 56251 | Zig:2    | Reached skill level 1 in Transmutations
 56268 | Zig:3    | Entered Level 3 of a ziggurat
 56286 | Zig:4    | Entered Level 4 of a ziggurat
 56308 | Zig:5    | Entered Level 5 of a ziggurat
 56312 | Zig:5    | Noticed Kesh the pandemonium lord
 56314 | Zig:5    | Killed Kesh the pandemonium lord
 56333 | Zig:5    | Got a sparkling copper amulet
 56345 | Zig:6    | Entered Level 6 of a ziggurat
 56350 | Zig:6    | Reached skill level 5 in Transmutations
 56383 | Zig:6    | Got a pitted helmet
 56394 | Zig:6    | Identified the +2 helmet of Kleptomania {Str+4 Int+5} (You
                  | found it on level 6 of a ziggurat)
 56397 | Zig:7    | Entered Level 7 of a ziggurat
 56433 | Zig:8    | Entered Level 8 of a ziggurat
 56468 | Zig:8    | Identified the Guide on Enchanting Necromancy
 56475 | Zig:9    | Entered Level 9 of a ziggurat
 56526 | Zig:10   | Entered Level 10 of a ziggurat
 56542 | Zig:10   | Reached skill level 15 in Fighting
 56578 | Zig:10   | Got a slimy leather armour
 56580 | Zig:10   | Got a bloodstained trident
 56586 | Zig:11   | Entered Level 11 of a ziggurat
 56601 | Zig:11   | Found the ring of the Tortoise {AC+8}
 56603 | Zig:11   | Reached skill level 10 in Transmutations
 56633 | Zig:11   | Identified the cursed +1 leather armour of Benevolence
                  | {rPois Will+} (You found it on level 10 of a ziggurat)
 56637 | Zig:12   | Entered Level 12 of a ziggurat
 56651 | Zig:12   | Reached skill level 15 in Ice Magic
 56653 | Zig:12   | Noticed an ancient lich
 56655 | Zig:12   | Killed an ancient lich
 56655 | Zig:12   | Killed an ancient lich
 56657 | Zig:12   | Noticed an ancient lich
 56658 | Zig:12   | Killed an ancient lich
 56670 | Zig:12   | Got a fine leather armour
 56672 | Zig:12   | Got a translucent turquoise ring
 56691 | Zig:13   | Entered Level 13 of a ziggurat
 56748 | Zig:13   | Identified the amulet of Sonnuher {Acrobat rPois rF+ Dex+3}
                  | (You found it on level 5 of a ziggurat)
 56750 | Zig:14   | Entered Level 14 of a ziggurat
 56793 | Zig:14   | Got a brightly glowing gossamer ring
 56884 | Zig:15   | Entered Level 15 of a ziggurat
 56893 | Zig:15   | Noticed Ivoluuzi the pandemonium lord
 56905 | Zig:15   | Killed Ivoluuzi the pandemonium lord
 56907 | Zig:15   | Noticed Keazemudd the pandemonium lord
 56908 | Zig:15   | Noticed Tipepocs the pandemonium lord
 56908 | Zig:15   | Noticed Ponugg Xuon the pandemonium lord
 56908 | Zig:15   | Noticed Xitsont the pandemonium lord
 56910 | Zig:15   | Noticed Riusugy the pandemonium lord
 56911 | Zig:15   | Killed Ponugg Xuon the pandemonium lord
 56912 | Zig:15   | Killed Tipepocs the pandemonium lord
 56913 | Zig:15   | Killed Keazemudd the pandemonium lord
 56913 | Zig:15   | Killed Xitsont the pandemonium lord
 56916 | Zig:15   | Killed Mimit the pandemonium lord
 56917 | Zig:15   | Killed Riusugy the pandemonium lord
 56917 | Zig:15   | Noticed Dab Beo the pandemonium lord
 56918 | Zig:15   | Noticed Quhaekk the pandemonium lord
 56919 | Zig:15   | Killed Dab Beo the pandemonium lord
 56920 | Zig:15   | Killed Quhaekk the pandemonium lord
 56921 | Zig:15   | Noticed Qidd the pandemonium lord
 56922 | Zig:15   | Killed Qidd the pandemonium lord
 56923 | Zig:15   | Noticed an ancient lich
 56923 | Zig:15   | Noticed an ancient lich
 56927 | Zig:15   | Killed an ancient lich
 56927 | Zig:15   | Killed an ancient lich
 56929 | Zig:15   | Found the +3 robe of Folly {Archmagi, Will-- Int+5}
 56944 | Zig:15   | Got an ancient jade ring
 56955 | Zig:15   | Got an encrusted helmet
 56959 | Zig:15   | Identified Kikubaaqudgha's Reference Book on Evil
 56977 | Zig:16   | Entered Level 16 of a ziggurat
 57036 | Zig:16   | Identified the ring "Rabaqav" {*Tele Dex+4} (You found it
                  | on level 15 of a ziggurat)
 57038 | Zig:16   | Identified the ring of Ulaxy {rElec rCorr MP-9 Str+2 SInv}
                  | (You found it on level 14 of a ziggurat)
 57040 | Zig:16   | Identified the ring "Deodaro" {+Inv rPois Stlth+} (You
                  | found it on level 12 of a ziggurat)
 57081 | Zig:16   | Identified the cursed +0 leather armour of the Blind
                  | Marksman {+Fly rC- Slay+3} (You found it on level 12 of a
                  | ziggurat)
 57113 | Zig:16   | Identified the cursed +0 helmet of Eghouf {rF+} (You found
                  | it on level 15 of a ziggurat)
 57127 | Zig:17   | Entered Level 17 of a ziggurat
 57142 | Zig:17   | Reached skill level 5 in Shields
 57166 | Zig:17   | Found the amulet of the Four Winds {rN+ Will+++ Clar}
 57169 | Zig:17   | Found the -2 hat of the Alchemist {rElec rPois rF+ rC+ rN+
                  | Will+ rMut rCorr}
 57180 | Zig:17   | Identified the Incunabulum of the Traveller and Bewitchment
 57184 | Zig:17   | Identified the Catalogue of Feathers and the Arsonist
 57197 | Zig:17   | Got a translucent golden amulet
 57213 | Zig:17   | Got a masterwork leather armour
 57216 | Zig:17   | Got a heavily runed tower shield
 57232 | Zig:18   | Entered Level 18 of a ziggurat
 57251 | Zig:18   | Noticed a juggernaut
 57252 | Zig:18   | Noticed a juggernaut
 57253 | Zig:18   | Killed a juggernaut
 57254 | Zig:18   | Killed a juggernaut
 57256 | Zig:18   | Reached skill level 15 in Evocations
 57275 | Zig:18   | Identified the +8 trident of Iryohir {drain, *Corrode
                  | Int+6} (You found it on level 10 of a ziggurat)
 57278 | Zig:18   | Got a coiled glass ring
 57279 | Zig:18   | Identified the Incunabulum of Earth and the Blaze
 57307 | Zig:18   | Got an encrusted helmet
 57315 | Zig:18   | Identified the amulet "Qenuecs" {Acrobat Will- MP+9 Int+3
                  | Dex+10} (You found it on level 17 of a ziggurat)
 57331 | Zig:18   | Identified the +0 leather armour of Uskayaw's Condemnation
                  | {rPois rCorr Str-4} (You found it on level 17 of a
                  | ziggurat)
 57341 | Zig:18   | Identified the +1 helmet "Sih Lae" {Rampage rElec rCorr}
                  | (You found it on level 18 of a ziggurat)
 57351 | Zig:18   | Identified the +6 tower shield "Hiadgh" {rC- Regen+ SInv}
                  | (You found it on level 17 of a ziggurat)
 57383 | Zig:18   | Identified the Compendium of Dusty Conjuration
 57388 | Zig:18   | Got a brightly glowing pewter ring
 57394 | Zig:19   | Entered Level 19 of a ziggurat
 57416 | Zig:19   | Reached skill level 10 in Shields
 57457 | Zig:19   | Identified the ring of Cowardice {rN+ MP+9 Int+4 Stlth+}
                  | (You found it on level 18 of a ziggurat)
 57483 | Zig:20   | Entered Level 20 of a ziggurat
 57546 | Zig:20   | Identified Sif Muna's Reference Book on Earthen Beguiling
 57555 | Zig:20   | Identified Sif Muna's Collected Works on Ashen Flight
 57560 | Zig:20   | Identified the Papyrus of Cloudy Toxins
 57589 | Zig:21   | Entered Level 21 of a ziggurat
 57618 | Zig:21   | Noticed Ebaribbo the pandemonium lord
 57622 | Zig:21   | Reached skill level 15 in Shields
 57624 | Zig:21   | Killed Ebaribbo the pandemonium lord
 57672 | Zig:21   | Identified the ring of Lesser Demons {*Contam rCorr Str+2
                  | Int+2 Dex+3} (You found it on level 21 of a ziggurat)
 57673 | Zig:21   | Identified the Almanac of Feathers
 57680 | Zig:21   | Got a scintillating iron ring
 57858 | Zig:22   | Entered Level 22 of a ziggurat
 57887 | Zig:22   | Noticed Pymiesse the pandemonium lord
 57888 | Zig:22   | Killed Pymiesse the pandemonium lord
 57921 | Zig:22   | Found the +12 glaive of Prune {vorpal}
 57934 | Zig:22   | Identified the ring "Qusoalaj" {MP+9 SInv} (You found it on
                  | level 21 of a ziggurat)
 57938 | Zig:22   | Got a wavering bone ring
 57946 | Zig:22   | Identified the Volume of Blistering Transformation
 57955 | Zig:22   | Identified the cursed ring of the Hart {rF+ Str+4 Int-4}
                  | (You found it on level 22 of a ziggurat)
 57972 | Zig:22   | Got a masterwork helmet
 57983 | Zig:22   | Identified the cursed +0 helmet of the Equinox {Will+} (You
                  | found it on level 22 of a ziggurat)
 58000 | Zig:23   | Entered Level 23 of a ziggurat
 58053 | Zig:23   | Found the +5 sword of Power {vorpal}
 58055 | Zig:23   | Found the +7 Spriggan's Knife {stab, EV+4 Stlth+}
 58064 | Zig:23   | Identified the Volume of the Creative Glacier
 58074 | Zig:23   | Identified Iruejur's Reference Book on Congealing Unholy
                  | Rituals
 58090 | Zig:23   | Identified the ring "Orphyobu" {Dex+3 Stlth+} (You found it
                  | on level 18 of a ziggurat)
 58107 | Zig:24   | Entered Level 24 of a ziggurat
 58142 | Zig:24   | Reached skill level 15 in Dodging
 58173 | Zig:24   | Identified the +1 robe of Instinct {rCorr} (You found it on
                  | level 24 of a ziggurat)
 58182 | Zig:24   | Identified Unybeav's Disquisition on the Mutagenic Oath
 58185 | Zig:24   | Got a fine golden ring
 58186 | Zig:24   | Identified Oskaphec's Guide on Supportive Clay
 58190 | Zig:24   | Identified the ring of Gioxoxou {rPois rN+ Str+6 Dex+4
                  | Slay+2} (You found it on level 24 of a ziggurat)
 58212 | Zig:24   | Got a heavily runed granite ring
 58371 | Zig:25   | Entered Level 25 of a ziggurat
 58407 | Zig:25   | Reached skill level 27 in Conjurations
 58438 | Zig:25   | Found the +3 pair of gauntlets of War {Slay+5}
 58443 | Zig:25   | Identified the Guide on the Birds and the Escort
 58452 | Zig:25   | Identified the ring "Iqunn" {*Contam rPois rC+ Dex+9
                  | Stlth+} (You found it on level 25 of a ziggurat)
 58474 | Zig:26   | Entered Level 26 of a ziggurat
 58553 | Zig:26   | Got a translucent brass amulet
 58565 | Zig:26   | Identified the amulet of the Country {Spirit Str+4 Int+3
                  | Dex+5} (You found it on level 26 of a ziggurat)
 58566 | Zig:26   | Identified the ring "Xargh" {rF+ rC+ Int+2 Dex+3 SInv} (You
                  | found it on level 24 of a ziggurat)
 58591 | Zig:26   | Identified the Compendium of Displaced Confrontation
 58605 | Zig:26   | Identified the Compendium of Poisoning and Execration
 58612 | Zig:27   | Entered Level 27 of a ziggurat
 58633 | Zig:27   | Noticed a juggernaut
 58638 | Zig:27   | Killed a juggernaut
 58884 | Zig:1    | Entered Level 1 of a ziggurat
 58885 | Zig:1    | Noticed an ancient lich
 58887 | Zig:1    | Killed an ancient lich
 58901 | Zig:2    | Entered Level 2 of a ziggurat
 58921 | Zig:3    | Entered Level 3 of a ziggurat
 58949 | Zig:4    | Entered Level 4 of a ziggurat
 58975 | Zig:4    | Got a pair of warped boots
 58979 | Zig:5    | Entered Level 5 of a ziggurat
 59005 | Zig:6    | Entered Level 6 of a ziggurat
 59043 | Zig:7    | Entered Level 7 of a ziggurat
 59085 | Zig:7    | Acquired 545 gold pieces
 59089 | Zig:7    | Acquired 557 gold pieces
 59094 | Zig:8    | Entered Level 8 of a ziggurat
 59100 | Zig:8    | Noticed Etiufeli the pandemonium lord
 59101 | Zig:8    | Noticed Voedec Xoze the pandemonium lord
 59102 | Zig:8    | Killed Voedec Xoze the pandemonium lord
 59102 | Zig:8    | Killed Etiufeli the pandemonium lord
 59108 | Zig:8    | Noticed Daul the pandemonium lord
 59110 | Zig:8    | Killed Daul the pandemonium lord
 59140 | Zig:9    | Entered Level 9 of a ziggurat
 59158 | Zig:9    | Found the +2 robe of Vines {NoPotionHeal Regen+7}
 59241 | Zig:9    | Identified the +0 pair of boots of Hopscotch {*Corrode
                  | rElec Will+ MP+9} (You found it on level 4 of a ziggurat)
 59255 | Zig:10   | Entered Level 10 of a ziggurat
 59304 | Zig:11   | Entered Level 11 of a ziggurat
 59565 | Zig:12   | Entered Level 12 of a ziggurat
 59568 | Zig:12   | Noticed a juggernaut
 59574 | Zig:12   | Killed a juggernaut
 59588 | Zig:12   | Found the +7 Singing Sword {vorpal, sonic wave}
 59603 | Zig:12   | Got a vibrating marble ring
 59609 | Zig:12   | Got a glittering tin amulet
 59637 | Zig:12   | Acquired 1043 gold pieces
 59642 | Zig:13   | Entered Level 13 of a ziggurat
 59645 | Zig:13   | Noticed a royal mummy
 59648 | Zig:13   | Noticed a royal mummy
 59650 | Zig:13   | Noticed a royal mummy
 59655 | Zig:13   | Noticed a royal mummy
 59655 | Zig:13   | Noticed a royal mummy
 59655 | Zig:13   | Noticed a royal mummy
 59656 | Zig:13   | Killed a royal mummy
 59656 | Zig:13   | Killed a royal mummy
 59659 | Zig:13   | Killed a royal mummy
 59659 | Zig:13   | Killed a royal mummy
 59661 | Zig:13   | Killed a royal mummy
 59664 | Zig:13   | Killed a royal mummy
 59685 | Zig:13   | Got a shimmering turquoise ring
 59701 | Zig:14   | Entered Level 14 of a ziggurat
 59706 | Zig:14   | Reached skill level 15 in Stealth
 59735 | Zig:14   | Found the +5 scythe "Finisher" {speed, eviscerate}
 59755 | Zig:14   | Identified the ring of Beogh's Hatred {Ice +Blink Int+5}
                  | (You found it on level 14 of a ziggurat)
 59773 | Zig:15   | Entered Level 15 of a ziggurat
 59830 | Zig:16   | Entered Level 16 of a ziggurat
 59868 | Zig:16   | Got a steaming ivory amulet
 59890 | Zig:16   | Identified the amulet of Reliu {Inacc rElec} (You found it
                  | on level 16 of a ziggurat)
 59893 | Zig:17   | Entered Level 17 of a ziggurat
 59932 | Zig:17   | Found the +10 zealot's sword {holy, *Rage rN+ EV+3}
 59942 | Zig:17   | Identified the Reference Book on Glacial Shape Shifting
 59957 | Zig:17   | Identified the amulet "Uclef" {Inacc rElec rF+ rN+ Will+}
                  | (You found it on level 12 of a ziggurat)
 59973 | Zig:18   | Entered Level 18 of a ziggurat
 59978 | Zig:18   | Noticed a royal mummy
 59979 | Zig:18   | Noticed a royal mummy
 59979 | Zig:18   | Noticed a royal mummy
 59980 | Zig:18   | Noticed a royal mummy
 59980 | Zig:18   | Noticed a royal mummy
 59982 | Zig:18   | Noticed a royal mummy
 59983 | Zig:18   | Noticed a royal mummy
 59984 | Zig:18   | Killed a royal mummy
 59984 | Zig:18   | Killed a royal mummy
 59984 | Zig:18   | Killed a royal mummy
 59984 | Zig:18   | Killed a royal mummy
 59984 | Zig:18   | Noticed a royal mummy
 59985 | Zig:18   | Killed a royal mummy
 59985 | Zig:18   | Killed a royal mummy
 59985 | Zig:18   | Noticed a royal mummy
 59985 | Zig:18   | Noticed a royal mummy
 59986 | Zig:18   | Found the +7 pair of quick blades "Gyre" and "Gimble"
                  | {protect}
 59986 | Zig:18   | Noticed a royal mummy
 59986 | Zig:18   | Noticed a royal mummy
 59986 | Zig:18   | Noticed a royal mummy
 59986 | Zig:18   | Noticed a royal mummy
 59986 | Zig:18   | Noticed a royal mummy
 59986 | Zig:18   | Noticed a royal mummy
 59986 | Zig:18   | Killed a royal mummy
 59986 | Zig:18   | Killed a royal mummy
 59986 | Zig:18   | Killed a royal mummy
 59987 | Zig:18   | Killed a royal mummy
 59987 | Zig:18   | Killed a royal mummy
 59987 | Zig:18   | Killed a royal mummy
 59987 | Zig:18   | Killed a royal mummy
 59988 | Zig:18   | Killed a royal mummy
 59989 | Zig:18   | Reached skill level 27 in Earth Magic
 59990 | Zig:18   | Killed a royal mummy
 59990 | Zig:18   | Killed a royal mummy
 59995 | Zig:18   | Identified the Collected Works on Shifting Black Secrets
 60010 | Zig:18   | Identified the amulet of the Forgotten Ships {Reflect rN+
                  | SH+5} (You found it on level 18 of a ziggurat)
 60014 | Zig:18   | Acquired 944 gold pieces
 60019 | Zig:18   | Acquired 818 gold pieces
 60026 | Zig:18   | Identified the amulet of Panentheism {Acrobat rF+ rC+
                  | Dex+4} (You found it on level 16 of a ziggurat)
 60027 | Zig:18   | Identified the ring "Pihules" {rPois Int+2 Slay+4} (You
                  | found it on level 13 of a ziggurat)
 60028 | Zig:18   | Identified the ring "Ima Myot" {*Contam rF+ AC+4 Dex+4}
                  | (You found it on level 12 of a ziggurat)
 60029 | Zig:18   | Identified the ring "Ofokudaatt" {rPois rN+ Will+} (You
                  | found it on level 18 of a ziggurat)
 60035 | Zig:18   | Identified the ring of the Meadowlark {Wiz rElec rC+ Will+
                  | Dex-5} (You found it on level 18 of a ziggurat)
 60047 | Zig:19   | Entered Level 19 of a ziggurat
 60117 | Zig:19   | Identified Afinwyih's Disquisition on Lethal Shape Shifting
 60140 | Zig:20   | Entered Level 20 of a ziggurat
 60165 | Zig:20   | Reached skill level 27 in Air Magic
 60213 | Zig:20   | Got a faintly glowing glass ring
 60223 | Zig:20   | Identified Daxuosul's Intricacies of Theurgy
 60234 | Zig:20   | Identified the cursed ring "Ryog" {+Inv Int-4 Stlth+} (You
                  | found it on level 20 of a ziggurat)
 60256 | Zig:21   | Entered Level 21 of a ziggurat
 60299 | Zig:21   | Found the +9 scales of the Dragon King {rPois rF+ rC+
                  | Will+}
 60344 | Zig:21   | Identified the +1 robe of Hide-and-Seek {Dex+4} (You found
                  | it on level 21 of a ziggurat)
 60347 | Zig:22   | Entered Level 22 of a ziggurat
 60407 | Zig:22   | Identified the ring of Qoesuris {rCorr Str+5 Stlth+} (You
                  | found it on level 22 of a ziggurat)
 60427 | Zig:23   | Entered Level 23 of a ziggurat
 60433 | Zig:23   | Noticed an ancient lich
 60435 | Zig:23   | Killed an ancient lich
 60438 | Zig:23   | Noticed an ancient lich
 60439 | Zig:23   | Reached skill level 27 in Evocations
 60439 | Zig:23   | Noticed an ancient lich
 60440 | Zig:23   | Noticed an ancient lich
 60441 | Zig:23   | Killed an ancient lich
 60441 | Zig:23   | Killed an ancient lich
 60441 | Zig:23   | Killed an ancient lich
 60442 | Zig:23   | Noticed an ancient lich
 60443 | Zig:23   | Noticed an ancient lich
 60444 | Zig:23   | Killed an ancient lich
 60447 | Zig:23   | Noticed an ancient lich
 60449 | Zig:23   | Killed an ancient lich
 60449 | Zig:23   | Killed an ancient lich
 60450 | Zig:23   | Noticed an ancient lich
 60450 | Zig:23   | Noticed an ancient lich
 60452 | Zig:23   | Killed an ancient lich
 60453 | Zig:23   | Killed an ancient lich
 60455 | Zig:23   | Noticed an ancient lich
 60458 | Zig:23   | Noticed an ancient lich
 60460 | Zig:23   | Killed an ancient lich
 60462 | Zig:23   | Noticed an ancient lich
 60464 | Zig:23   | Killed an ancient lich
 60474 | Zig:23   | Found the +8 lance "Wyrmbane" {slay drac, rPois rF+ rC+
                  | AC+3}
 60475 | Zig:23   | Found the +9 staff of Olgreb {rPois∞}
 60475 | Zig:23   | Found the +8 demon blade "Leech" {vamp, *Rage +Rage rN+}
 60481 | Zig:23   | Identified The Intricacies of Magic
 60487 | Zig:23   | Identified the ring "Liyloge" {rPois Str+3 Dex+2 SInv} (You
                  | found it on level 23 of a ziggurat)
 60491 | Zig:23   | Got a fine platinum ring
 60492 | Zig:23   | Identified the Papyrus of Sinister Rituals
 60507 | Zig:23   | Identified the Volume of Conjuration and Clay
 60528 | Zig:24   | Entered Level 24 of a ziggurat
 60566 | Zig:24   | Reached skill level 15 in Armour
 60588 | Zig:24   | Got a clouded wooden ring
 60601 | Zig:24   | Identified the Grimoire of the Glacier and Flight
 60618 | Zig:24   | Identified the ring of Sin {rN+ MP+9 Int+6} (You found it
                  | on level 24 of a ziggurat)
 60620 | Zig:24   | Identified the ring "Biallak" {rPois rC++ Int+6 Dex-5
                  | Slay+5} (You found it on level 23 of a ziggurat)
 60628 | Zig:25   | Entered Level 25 of a ziggurat
 60633 | Zig:25   | Noticed a royal mummy
 60634 | Zig:25   | Noticed a royal mummy
 60635 | Zig:25   | Noticed a royal mummy
 60636 | Zig:25   | Noticed a royal mummy
 60638 | Zig:25   | Killed a royal mummy
 60638 | Zig:25   | Noticed a royal mummy
 60638 | Zig:25   | Noticed a royal mummy
 60639 | Zig:25   | Killed a royal mummy
 60639 | Zig:25   | Noticed a royal mummy
 60639 | Zig:25   | Noticed a royal mummy
 60639 | Zig:25   | Noticed a royal mummy
 60639 | Zig:25   | Noticed a royal mummy
 60639 | Zig:25   | Noticed a royal mummy
 60640 | Zig:25   | Noticed a royal mummy
 60640 | Zig:25   | Noticed a royal mummy
 60640 | Zig:25   | Noticed a royal mummy
 60640 | Zig:25   | Noticed a royal mummy
 60640 | Zig:25   | Noticed a royal mummy
 60640 | Zig:25   | Noticed a royal mummy
 60640 | Zig:25   | Killed a royal mummy
 60640 | Zig:25   | Killed a royal mummy
 60640 | Zig:25   | Killed a royal mummy
 60640 | Zig:25   | Killed a royal mummy
 60640 | Zig:25   | Noticed a royal mummy
 60641 | Zig:25   | Noticed a royal mummy
 60641 | Zig:25   | Noticed a royal mummy
 60641 | Zig:25   | Noticed a royal mummy
 60641 | Zig:25   | Noticed a royal mummy
 60641 | Zig:25   | Noticed a royal mummy
 60642 | Zig:25   | Found the +7 sceptre of Torment {pain, torment}
 60642 | Zig:25   | Killed a royal mummy
 60642 | Zig:25   | Killed a royal mummy
 60642 | Zig:25   | Killed a royal mummy
 60642 | Zig:25   | Killed a royal mummy
 60642 | Zig:25   | Killed a royal mummy
 60642 | Zig:25   | Killed a royal mummy
 60642 | Zig:25   | Killed a royal mummy
 60642 | Zig:25   | Killed a royal mummy
 60643 | Zig:25   | Noticed a royal mummy
 60643 | Zig:25   | Noticed a royal mummy
 60643 | Zig:25   | Killed from afar by a royal mummy

Illustrated notes

Levels and vault maps discovered:
D:1:      psy_arrival_fountain, layout_basic, corner_web_ring, minmay_3d_cube
D:2:      minmay_door_path, layout_basic,
          chequers_ecumenical_altar_simple_redux, interstate_on_off, uniq_robin
D:3:      layout_basic, lemuel_flame_loot_1, uniq_sigmund
D:4:      layout_basic, chequers_temple_overflow_minitemple, serial_shops,
          nicolae_shop_trees, serial_bayou_crossing, uniq_menkaure,
          uniq_eustachio
D:5:      layout_cave_pools
D:6:      layout_loops_ring
D:7:      layout_basic, minmay_temple_entry_stoned_glass, serial_shops, shop,
          minmay_shop_mayhem, uniq_duvessa
D:8:      layout_basic, dpeg_oklobed_lair, serial_shops, shop,
          onia_ninara_dug_in_and_dangerous, uniq_pikel, uniq_psyche
D:9:      layout_loops_ring, xom_butterflies, marbit_many_paths,
          nicolae_overflow_hidden_temple, lemuel_doored_altar, enter_bailey_6,
          minmay_lindwurm_lava
D:10:     due_megacathedral, layout_small_grid, serial_shops,
          kennysheep_mini_moat, gammafunk_ghost_cemetery
D:11:     minmay_razor_zed, layout_loops_cross, orc_0_dummy, uniq_josephine
D:12:     layout_loops_ring
D:13:     layout_roguey, serial_shops, nicolae_shop_trees, shop, shop,
          nicolae_shop_overgrown_old_shop, uniq_maurice
D:14:     layout_rooms, david_vaults_5, kennysheep_pointless_box,
          nicolae_dithmenos_through_a_glass_darkly
D:15:     gammafunk_depths_entry_grave, layout_cave_pods,
          nicolae_gozag_seed_capital, minivault_8, uniq_rupert
Temple:   nicolae_temple_god_jail
Lair:1:   layout_roguey, eino_small_chamber_without_monster,
          serial_bayou_shore_b, minmay_lair_oklob_chamber, lemuel_fruit_tree,
          uniq_fannar, uniq_urug
Lair:2:   layout_small_grid, spider_nest_entry_a, minivault_26
Lair:3:   layout_chaotic_city, skrybe_swamp_entry_bodies
Lair:4:   layout_misc_corridors, serial_rivers, chequers_serial_rivers_marsh,
          chequers_serial_rivers_room_a, chequers_serial_rivers_micro_b,
          chequers_serial_rivers_room_a, chequers_serial_rivers_micro_c,
          chequers_serial_rivers_small_a, lemuel_fruit_fields
Lair:5:   layout_hall_layers
Lair:6:   minmay_lair_end_frog_pond, layout_regular_city, slime_altar_1,
          grunt_forest_stairs_basic
Swamp:1:  layout_basic_swamp, nicolae_swamp_fairy_circle, swamp_pool4,
          hangedman_swamp_diagram
Swamp:2:  cheibrodos_swamp_tower_of_moss, layout_basic_swamp,
          nicolae_swamp_treefoil, swamp_pool5
Swamp:3:  layout_basic_swamp, hangedman_swamp_lotus
Swamp:4:  swamp_vile, layout_basic_swamp, uniq_kirke
Spider:1: layout_spider_delve, uniq_louise, uniq_azrael
Spider:2: layout_spider_delve, nicolae_spider_circle_web, drop_trap,
          nicolae_spider_shape
Spider:3: layout_spider_delve
Spider:4: guppyfry_spider_rune, nicolae_spider_ant_collections, uniq_bai_suzhen,
          uniq_arachne
Slime:1:  layout_caves, nicolae_slime_barrier
Slime:2:  layout_caves
Slime:3:  layout_caves, amcnicky_altar_lugonu_corruption
Slime:4:  layout_caves
Slime:5
Orc:1:    layout_caves, nicolae_volcano_entry_hallway, guppyfry_library_mini,
          uniq_harold
Orc:2:    grunt_orc_gardens, layout_caves, grunt_orc_garden, grunt_orc_garden,
          grunt_orc_garden, grunt_orc_garden, trog_book
Elf:1:    layout_loops_ring, kennysheep_underground_church, uniq_aizul
Elf:2:    layout_geoelf_octagon, gammafunk_ghost_wrathful_warriors,
          serial_shops, shop
Elf:3:    minmay_elf_hall_four_x, layout_onion_city,
          gammafunk_ghost_fury_of_okawaru
Vaults:1: gammafunk_vaults_ghost_tricky_traps, nicolae_vaults_sealed_display,
          vaults_room_boxed, nicolae_vaults_back_hallway, vaults_mumra_hex,
          vaults_mumra_lcd, ontoclasm_vaults_spin, vaults_room_fours,
          nicolae_vaults_little_squares_1, nicolae_vaults_asterisk,
          ontoclasm_vaults_gateway, nicolae_vaults_theta,
          layout_vaults_maze_snakey, portal_desolation_entry_garden
Vaults:2: v_misc_10, hangedman_vaults_variations, vaults_room_grid,
          vaults_room_guarded_vault, v_misc_2, vaults_dpeg_hooks, v_misc_24,
          vaults_room_stairs_pillars, nicolae_vaults_circle_grid_a,
          grunt_vaults_hallway_short, vaults_room_stairs_pillars,
          layout_vaults_omnicross, uniq_saint_roka, uniq_margery, uniq_donald,
          uniq_asterion
Vaults:3: nicolae_vaults_network_square, ontoclasm_vaults_idyll, v_rooms_3,
          hangedman_vaults_stagger, nicolae_vaults_network_s,
          minmay_crypt_entry_necro_gods, st_spiral_rooms,
          nicolae_vaults_little_squares_3, nicolae_vaults_mini_display_case,
          v_pattern_1, ontoclasm_vaults_hangar, layout_vaults_big_room,
          serial_shops, bzr_firewalk
Vaults:4: vaults_room_pools, hangedman_vaults_stream, v_misc_28,
          vaults_room_pool, vaults_room_grunt_arrival_checkpoint,
          nicolae_vaults_little_squares_5, vaults_mumra_chevron, v_pattern_4,
          ontoclasm_vaults_idyll, nicolae_vaults_little_squares_4,
          ontoclasm_vaults_tryst, nicolae_vaults_twisting_passages, v_misc_26,
          layout_vaults_omnibox, uniq_jory, uniq_mara, uniq_xtahua, uniq_mennas
Vaults:5: uniq_boris
Crypt:1:  layout_catacombs, uniq_sojobo, uniq_frederick
Crypt:2:  gammafunk_sealed_arena, layout_chaotic_city, mu_enter_wizlab_4
Crypt:3:  quadcrypt_mu
Depths:1: layout_long_grid, serial_shops, shop_statue,
          marbit_kobold_abyss_entry, minmay_misc_feat_tiny,
          ebering_ghost_rock_garden, hangedman_coc_ice_floe,
          hangedman_glass_teeth, drop_trap, chequers_hall_statues_wall_a,
          grunt_ministairs_12, chequers_serial_rivers_room_b,
          nicolae_lava_and_water, minmay_misc_feat_ornament, ashenzari_altar_1
Depths:2: minmay_textured_paths, layout_long_grid, enter_ziggurat_c, hell_entry,
          infiniplex_staircase_hallway_doors
Depths:3: gammafunk_mikee_crab_dinner, layout_twisted_cross, serial_glass,
          glass_columns_b, glass_columns_c, glass_columns_b, glass_columns_c,
          glass_columns_a, glass_columns_b, minmay_strange_pillars,
          minmay_strange_pillars, feat_on_display, due_unseen_surprise,
          grunt_pan_entry_spiral, grunt_hell_entry_dis_mu,
          infiniplex_staircase_door_maze
Depths:4: grunt_twisty_corner, layout_cave_shapes, minmay_room_of_horrors,
          serial_shops, shop, hell_entry, rand_demon_pan_entry_7,
          serial_sigils_hangedman_quiver, nrook_campfire, drop_trap,
          minmay_misc_feat_nine_boxes, minmay_staircase_statues_hall_large
Depths:5: grunt_zot_entry_alcove, layout_cave_shapes, abyss_entry,
          lightli_too_deep, hangedman_feature_mirror, drop_trap,
          roderic_lattice_octagonal_star, minmay_shop_grove,
          serial_bayou_shore_b
Zig:25:   ziggurat_pillar_abc, ziggurat_pillar_abc, ziggurat_pillar_abc,
          ziggurat_pillar_abc

Skill      XL: |  1  2  3  4  5  6  7  8  9 10 11 12 13 14 15 16 17 18 19 20 21 22 23 24 25 26 27 |
---------------+----------------------------------------------------------------------------------+-----
Fire Magic     | 4 5 6 8 9 11 12 14 15 16 17 18 20 21 22 23 24 27 | 27.0
Conjurations   | 2 3 4 5 6 7 8 10 11 12 13 14 15 16 17 18 19 27 | 27.0
Spellcasting   | 4 5 6 8 9 10 12 13 14 15 16 17 18 19 20 21 22 24 25 27 | 27.0
Stealth        | 3 7 8 15 | 15.0
Evocations     | 2 4 7 8 9 12 27 | 27.0
Dodging        | 4 5 6 8 9 10 11 12 26 | 26.2
Fighting       | 2 4 5 6 23 | 23.1
Earth Magic    | 2 4 10 12 27 | 27.0
Shields        | 4 15 | 15.9
Armour         | 2 15 | 15.2
Air Magic      | 2 7 14 18 19 20 27 | 27.0
Necromancy     | 2 4 7 8 10 22 | 22.0
Ice Magic      | 25 | 25.1
Transmutations | 10 | 10.0

Action                   |  1- 3 |  4- 6 |  7- 9 | 10-12 | 13-15 | 16-18 | 19-21 | 22-24 | 25-27 || total
-------------------------+-------+-------+-------+-------+-------+-------+-------+-------+-------++-------
Melee: Unarmed           |     2 |       |       |       |       |       |       |       |       ||     2
       Hand axe          |     3 |       |       |       |       |       |       |       |       ||     3
       Staff             |       |       |     7 |    10 |     5 |     6 |     1 |       |       ||    29
       Scythe            |       |       |     9 |       |       |       |       |       |       ||     9
       Trident           |       |       |       |       |       |       |     3 |     3 |     1 ||     7
 Cast: Foxfire           |   115 |   147 |   417 |   237 |   232 |     9 |     6 |       |       ||  1163
       Sticky Flame      |       |       |    10 |    14 |    21 |     6 |     5 |     1 |       ||    57
       Fireball          |       |       |     7 |   111 |   291 |   439 |    46 |    11 |       ||   905
       Conjure Flame     |       |       |     5 |     9 |       |       |       |       |       ||    14
       Shock             |       |       |       |    96 |       |       |       |       |       ||    96
       Stone Arrow       |       |       |       |    14 |     2 |       |       |       |       ||    16
       Mephitic Cloud    |       |       |       |     3 |     2 |     1 |       |       |       ||     6
       Blink             |       |       |       |     4 |     1 |     6 |     6 |     5 |    10 ||    32
       Bolt of Magma     |       |       |       |       |    13 |     8 |     3 |       |       ||    24
       Magic Dart        |       |       |       |       |     5 |     4 |       |       |       ||     9
       Starburst         |       |       |       |       |     3 |    13 |     9 |     2 |     1 ||    28
       Airstrike         |       |       |       |       |    19 |     9 |       |       |       ||    28
       Orb of Destructio |       |       |       |       |       |    79 |    11 |    34 |     5 ||   129
       Iskenderun's Batt |       |       |       |       |       |     2 |     1 |       |       ||     3
       Fire Storm        |       |       |       |       |       |     5 |   266 |   328 |   735 ||  1334
       Ignition          |       |       |       |       |       |     3 |     5 |     7 |    30 ||    45
       Sublimation of Bl |       |       |       |       |       |     1 |    33 |    31 |    14 ||    79
       Tornado           |       |       |       |       |       |       |       |     5 |    14 ||    19
       Shatter           |       |       |       |       |       |       |       |       |   330 ||   330
       Absolute Zero     |       |       |       |       |       |       |       |       |    10 ||    10
       Necromutation     |       |       |       |       |       |       |       |       |     5 ||     5
       Death's Door      |       |       |       |       |       |       |       |       |     2 ||     2
 Abil: Evoke Invisibilit |       |       |       |       |       |       |       |     1 |       ||     1
       End Transformatio |       |       |       |       |       |       |       |       |     4 ||     4
Evoke: Wand              |       |       |       |    10 |     2 |     5 |     1 |     2 |     4 ||    24
       Figurine of a zig |       |       |       |       |       |       |       |       |     2 ||     2
  Use: Scroll            |       |       |     8 |     8 |    10 |    25 |    17 |    14 |    69 ||   151
       Potion            |       |       |       |     1 |       |     6 |     1 |     2 |    25 ||    35
 Stab: Distracted        |       |       |       |       |       |     1 |       |       |       ||     1
Armor: Robe              |    16 |     5 |     7 |    41 |    16 |    20 |     4 |     5 |    11 ||   125
       Skin              |       |       |       |       |       |       |       |       |     1 ||     1
Dodge: Dodged            |    31 |    16 |    28 |    88 |    52 |    89 |    26 |    34 |   149 ||   513
       Repelled          |       |       |       |       |       |       |       |     3 |    11 ||    14
Block: Other             |       |       |     4 |    32 |     2 |       |       |       |       ||    38
       Reflection        |       |       |     1 |     3 |     2 |       |       |     3 |       ||     9
       Buckler           |       |       |       |       |    14 |    28 |     3 |    15 |    19 ||    79
       Kite shield       |       |       |       |       |       |       |       |       |    51 ||    51
       Rpst.: Falchion   |       |     8 |     2 |       |       |       |       |       |       ||    10
